Workbook

Sheet Intro & Setup
B2: Thanks for trying the Time & Expense Tracker
B5: Please read these notes explaining how to use this spreadsheet
B7: Editable Cells | H7: The yellow background and blue writing usually identifies cells where you can enter or edit information.
B8: Calculated Cells | H8: The blue background and yellow writing usually identifies cells which are calculated, and therefore locked.
B9: If you copy and paste data into this spreadsheet (from an internal or external source), ALWAYS use paste VALUES, never normal paste.
B10: Using the drag function is the same as copy and paste, so do not use it.
B11: DO not delete or move data or cells. You can use clear contents, or you can use the sort function where there are filters.
B14: Please complete the following sections before using this spreadsheet
B16: Company Name | H16: Your Business | T16: Fee Names | Y16: % | AB16: Fixed Amt | AH16: In the Project List, you will be able to assign up to 3 fees per project. Fees can be any set fee per project (payment fees etc), which will be an expense to you. Simply name up to 3 fees, and put in the percentage OR fixed amount (whichever is applicable). Use both if they both apply.
T17: Fee 1 | Y17: 0.02
B18: Your company name will be locked. It is like that to ensure protection for this spreadsheet. If it is wrong, please contact us. | T18: Fee 2 | AB18: 10
T19: Fee 3 | Y19: 0.01 | AB19: 50
B22: If you get stuck, here is a demo video
T23: Hourly Rate | Y23: 30 | AD23: Put in your desired hourly rate. All calculations, which work out the cost of your labour, will be done at this rate. Please be aware that if you change this rate, ALL projects will change accordingly.
T27: Invoice Payment Terms
T28: Days to Pay | Y28: 30 | AD28: The number of days you give your clients to pay an invoice. Include all days. This is simply to see if an invoice was paid on time or late. For example, if you give your clients 30 days to pay, simply enter 30.
B29: Watch the demo on YouTube
B33: This spreadsheet is part of our | Y33: This spreadsheet was created by
B41: Click the logo to see the other products in this range | Y41: SSS10090 - Job Breakdown
B46: We do not offer support on Basic Range spreadsheets, but if you find any errors, please let us know.
Y47: © Sumcor Ltd - Trading as Spreadsheet Solutions

Sheet Project List
B2: Project List | AC2: Red
G3: Fee Name | H3: % | I3: Value | R3: Quoted value less fees and expenses, divided by time used. | U3: Difference between the Quote Value and the Total Cost calculated. | X3: ✓ | AC3: Amber
F4: 1 | G4: =IF('Intro & Setup'!$T17="", "", 'Intro & Setup'!$T17) -> Fee 1 | H4: =IF('Intro & Setup'!$Y17="", "", 'Intro & Setup'!$Y17) -> 0.02 | I4: =IF('Intro & Setup'!$AB17="", "", 'Intro & Setup'!$AB17) | X4: ✕ | AC4: Green
B5: Use each line for each project, and complete as many fields as possible. The fields marked with * are contributing to the rest of the spreadsheet. Simply add the project details, ensuring to give each project a unique project number. The use the Time & Expense sheet to add time worked or expenses. | F5: 2 | G5: =IF('Intro & Setup'!$T18="", "", 'Intro & Setup'!$T18) -> Fee 2 | H5: =IF('Intro & Setup'!$Y18="", "", 'Intro & Setup'!$Y18) | I5: =IF('Intro & Setup'!$AB18="", "", 'Intro & Setup'!$AB18) -> 10 | AD5: Days to Pay | AH5: Hourly Rate
F6: 3 | G6: =IF('Intro & Setup'!$T19="", "", 'Intro & Setup'!$T19) -> Fee 3 | H6: =IF('Intro & Setup'!$Y19="", "", 'Intro & Setup'!$Y19) -> 0.01 | I6: =IF('Intro & Setup'!$AB19="", "", 'Intro & Setup'!$AB19) -> 50 | AD6: ='Intro & Setup'!$Y$28 -> 30 | AH6: ='Intro & Setup'!$Y$23 -> 30
T7: ` | AS7: Paid on Time | AT7: Positive Difference | AU7: Within Time | AV7: Within Budget
B8: =IF($AA$8>0, "DUPLICATES", "") | G8: Allocated Values | J8: Fees | M8: Final Dates | R8: Achieved | U8: Calculated | AA8: =COUNTIF($AA$11:$AA$510, "X") -> 0 | AS8: Paid Late | AT8: Negative Difference | AU8: Out of Time | AV8: Out of Budget
B9: Project No. | C9: Project Name | D9: Details | E9: Start Date | F9: Due Date | G9: Quote Value | H9: Time | I9: Budget | J9: 1 | K9: 2 | L9: 3 | M9: Completed | N9: Fully Paid | P9: Time Used | Q9: Expenses | R9: Hourly Rate | T9: Total Cost | U9: Difference | AM9: Fees
X10: Fees Total | Y10: Time to Pay | Z10: Comp. Diff | AA10: Duplicates | AC10: =M$9 -> Completed | AD10: =N$9 -> Fully Paid | AF10: =P$9 -> Time Used | AG10: =Q$9 -> Expenses | AH10: =R$9 -> Hourly Rate | AJ10: =T$9 -> Total Cost | AK10: =U$9 -> Difference | AM10: 1 | AN10: 2 | AO10: 3 | AQ10: Done | AS10: Payment | AT10: Difference | AU10: Time | AV10: Budget
B11: 1 | C11: Project 1 | E11: 43466 | F11: 43497 | G11: 500 | H11: 0.41666667 | I11: 200 | M11: 43497 | N11: 43501 | P11: =IF($B11="", "", SUMIF('Time & Expenses'!$G$11:$G$8010, $B11, 'Time & Expenses'!$J$11:$J$8010)) -> 0.375 | Q11: =IF($B11="", "", SUMIF('Time & Expenses'!$G$11:$G$8010, $B11, 'Time & Expenses'!$K$11:$K$8010)) -> 280 | R11: =IFERROR(IF($B11="", "", ($G11-$X11-$Q11)/($P11*24)), "") -> 24.444444 | T11: =IF($B11="", "", ($P11*$AH$6*24)+$Q11+$X11) -> 550 | U11: =IF($B11="", "", $G11-$T11) -> -50 | X11: =IF(AND($AM11="", $AN11="", $AO11=""), "", SUM($AM11:$AO11)) -> 0 | Y11: =IF(OR($M11="", $N11=""), "", $N11-$M11) -> 4 | Z11: =IF(OR($M11="", $F11=""), "", $F11-$M11) -> 0 | AA11: =IF($B11="", "", IF(COUNTIF($B$11:$B$510, $B11)>1, "X", "")) | AC11: =IF(OR($M11="", $F11=""), "", IF($M11>$F11, $AC$2, IF($M11<$F11, $AC$4, IF($M11=$F11, $AC$3, "")))) -> Amber | AD11: =IF(OR($M11="", $F11=""), "", IF($Y11>$AD$6, $AC$2, IF($Y11<$AD$6, $AC$4, IF($Y11=$AD$6, $AC$3, "")))) -> Green | AF11: =IF(OR($P11="", $H11=""), "", IF($P11>$H11, $AC$2, IF($P11<$H11, $AC$4, IF($P11=$H11, $AC$3, "")))) -> Green | AG11: =IF(OR($Q11="", $I11=""), "", IF($Q11>$I11, $AC$2, IF($Q11<$I11, $AC$4, IF($Q11=$I11, $AC$3, "")))) -> Red | AH11: =IF(OR($R11="", $AH$6=""), "", IF($R11>$AH$6, $AC$4, IF($R11<$AH$6, $AC$2, IF($R11=$AH$6, $AC$3, "")))) -> Red | AJ11: =IF(OR($T11="", $G11=""), "", IF($T11>$G11, $AC$2, IF($T11<$G11, $AC$4, IF($T11=$G11, $AC$3, "")))) -> Red | AK11: =IF($U11="", "", IF($U11>0, $AC$4, IF($U11=0, $AC$3, IF($U11<0, $AC$2, "")))) -> Red | AM11: =IF($J11=$X$3, ROUND((IF($H$4="", 0, $G11*$H$4))+(IF($I$4="", 0, $I$4)), 2), 0) -> 0 | AN11: =IF($K11=$X$3, ROUND((IF($H$5="", 0, $G11*$H$5))+(IF($I$5="", 0, $I$5)), 2), 0) -> 0 | AO11: =IF($L11=$X$3, ROUND((IF($H$6="", 0, $G11*$H$6))+(IF($I$6="", 0, $I$6)), 2), 0) -> 0 | AQ11: =IF(OR($M11="", $N11=""), "", "X") -> X | AS11: =IF($AQ11="", "", IF(($N11-$M11)>$AD$6, $AS$8, $AS$7)) -> Paid on Time | AT11: =IF($AQ11="", "", IF($U11<0, $AT$8, $AT$7)) -> Negative Difference | AU11: =IF($AQ11="", "", IF(($H11-$P11)>0, $AU$7, $AU$8)) -> Within Time | AV11: =IF($AQ11="", "", IF(($G11-$Q11)>0, $AV$7, $AV$8)) -> Within Budget
B12: 2 | C12: Project 2 | E12: 43497 | F12: 43525 | G12: 600 | H12: 0.5 | I12: 250 | J12: ✓ | P12: =IF($B12="", "", SUMIF('Time & Expenses'!$G$11:$G$8010, $B12, 'Time & Expenses'!$J$11:$J$8010)) -> 0.41666667 | Q12: =IF($B12="", "", SUMIF('Time & Expenses'!$G$11:$G$8010, $B12, 'Time & Expenses'!$K$11:$K$8010)) -> 230 | R12: =IFERROR(IF($B12="", "", ($G12-$X12-$Q12)/($P12*24)), "") -> 35.8 | T12: =IF($B12="", "", ($P12*$AH$6*24)+$Q12+$X12) -> 542 | U12: =IF($B12="", "", $G12-$T12) -> 58 | X12: =IF(AND($AM12="", $AN12="", $AO12=""), "", SUM($AM12:$AO12)) -> 12 | Y12: =IF(OR($M12="", $N12=""), "", $N12-$M12) | Z12: =IF(OR($M12="", $F12=""), "", $F12-$M12) | AA12: =IF($B12="", "", IF(COUNTIF($B$11:$B$510, $B12)>1, "X", "")) | AC12: =IF(OR($M12="", $F12=""), "", IF($M12>$F12, $AC$2, IF($M12<$F12, $AC$4, IF($M12=$F12, $AC$3, "")))) | AD12: =IF(OR($M12="", $F12=""), "", IF($Y12>$AD$6, $AC$2, IF($Y12<$AD$6, $AC$4, IF($Y12=$AD$6, $AC$3, "")))) | AF12: =IF(OR($P12="", $H12=""), "", IF($P12>$H12, $AC$2, IF($P12<$H12, $AC$4, IF($P12=$H12, $AC$3, "")))) -> Green | AG12: =IF(OR($Q12="", $I12=""), "", IF($Q12>$I12, $AC$2, IF($Q12<$I12, $AC$4, IF($Q12=$I12, $AC$3, "")))) -> Green | AH12: =IF(OR($R12="", $AH$6=""), "", IF($R12>$AH$6, $AC$4, IF($R12<$AH$6, $AC$2, IF($R12=$AH$6, $AC$3, "")))) -> Green | AJ12: =IF(OR($T12="", $G12=""), "", IF($T12>$G12, $AC$2, IF($T12<$G12, $AC$4, IF($T12=$G12, $AC$3, "")))) -> Green | AK12: =IF($U12="", "", IF($U12>0, $AC$4, IF($U12=0, $AC$3, IF($U12<0, $AC$2, "")))) -> Green | AM12: =IF($J12=$X$3, ROUND((IF($H$4="", 0, $G12*$H$4))+(IF($I$4="", 0, $I$4)), 2), 0) -> 12 | AN12: =IF($K12=$X$3, ROUND((IF($H$5="", 0, $G12*$H$5))+(IF($I$5="", 0, $I$5)), 2), 0) -> 0 | AO12: =IF($L12=$X$3, ROUND((IF($H$6="", 0, $G12*$H$6))+(IF($I$6="", 0, $I$6)), 2), 0) -> 0 | AQ12: =IF(OR($M12="", $N12=""), "", "X") | AS12: =IF($AQ12="", "", IF(($N12-$M12)>$AD$6, $AS$8, $AS$7)) | AT12: =IF($AQ12="", "", IF($U12<0, $AT$8, $AT$7)) | AU12: =IF($AQ12="", "", IF(($H12-$P12)>0, $AU$7, $AU$8)) | AV12: =IF($AQ12="", "", IF(($G12-$Q12)>0, $AV$7, $AV$8))
B13: 3 | C13: Project 3 | E13: 43525 | F13: 43556 | G13: 400 | H13: 0.41666667 | I13: 100 | J13: ✓ | P13: =IF($B13="", "", SUMIF('Time & Expenses'!$G$11:$G$8010, $B13, 'Time & Expenses'!$J$11:$J$8010)) -> 0.375 | Q13: =IF($B13="", "", SUMIF('Time & Expenses'!$G$11:$G$8010, $B13, 'Time & Expenses'!$K$11:$K$8010)) -> 80 | R13: =IFERROR(IF($B13="", "", ($G13-$X13-$Q13)/($P13*24)), "") -> 34.666667 | T13: =IF($B13="", "", ($P13*$AH$6*24)+$Q13+$X13) -> 358 | U13: =IF($B13="", "", $G13-$T13) -> 42 | X13: =IF(AND($AM13="", $AN13="", $AO13=""), "", SUM($AM13:$AO13)) -> 8 | Y13: =IF(OR($M13="", $N13=""), "", $N13-$M13) | Z13: =IF(OR($M13="", $F13=""), "", $F13-$M13) | AA13: =IF($B13="", "", IF(COUNTIF($B$11:$B$510, $B13)>1, "X", "")) | AC13: =IF(OR($M13="", $F13=""), "", IF($M13>$F13, $AC$2, IF($M13<$F13, $AC$4, IF($M13=$F13, $AC$3, "")))) | AD13: =IF(OR($M13="", $F13=""), "", IF($Y13>$AD$6, $AC$2, IF($Y13<$AD$6, $AC$4, IF($Y13=$AD$6, $AC$3, "")))) | AF13: =IF(OR($P13="", $H13=""), "", IF($P13>$H13, $AC$2, IF($P13<$H13, $AC$4, IF($P13=$H13, $AC$3, "")))) -> Green | AG13: =IF(OR($Q13="", $I13=""), "", IF($Q13>$I13, $AC$2, IF($Q13<$I13, $AC$4, IF($Q13=$I13, $AC$3, "")))) -> Green | AH13: =IF(OR($R13="", $AH$6=""), "", IF($R13>$AH$6, $AC$4, IF($R13<$AH$6, $AC$2, IF($R13=$AH$6, $AC$3, "")))) -> Green | AJ13: =IF(OR($T13="", $G13=""), "", IF($T13>$G13, $AC$2, IF($T13<$G13, $AC$4, IF($T13=$G13, $AC$3, "")))) -> Green | AK13: =IF($U13="", "", IF($U13>0, $AC$4, IF($U13=0, $AC$3, IF($U13<0, $AC$2, "")))) -> Green | AM13: =IF($J13=$X$3, ROUND((IF($H$4="", 0, $G13*$H$4))+(IF($I$4="", 0, $I$4)), 2), 0) -> 8 | AN13: =IF($K13=$X$3, ROUND((IF($H$5="", 0, $G13*$H$5))+(IF($I$5="", 0, $I$5)), 2), 0) -> 0 | AO13: =IF($L13=$X$3, ROUND((IF($H$6="", 0, $G13*$H$6))+(IF($I$6="", 0, $I$6)), 2), 0) -> 0 | AQ13: =IF(OR($M13="", $N13=""), "", "X") | AS13: =IF($AQ13="", "", IF(($N13-$M13)>$AD$6, $AS$8, $AS$7)) | AT13: =IF($AQ13="", "", IF($U13<0, $AT$8, $AT$7)) | AU13: =IF($AQ13="", "", IF(($H13-$P13)>0, $AU$7, $AU$8)) | AV13: =IF($AQ13="", "", IF(($G13-$Q13)>0, $AV$7, $AV$8))
B14: 4 | C14: Project 4 | E14: 43556 | F14: 43586 | G14: 500 | H14: 0.41666667 | I14: 100 | J14: ✓ | P14: =IF($B14="", "", SUMIF('Time & Expenses'!$G$11:$G$8010, $B14, 'Time & Expenses'!$J$11:$J$8010)) -> 0.45833333 | Q14: =IF($B14="", "", SUMIF('Time & Expenses'!$G$11:$G$8010, $B14, 'Time & Expenses'!$K$11:$K$8010)) -> 80 | R14: =IFERROR(IF($B14="", "", ($G14-$X14-$Q14)/($P14*24)), "") -> 37.272727 | T14: =IF($B14="", "", ($P14*$AH$6*24)+$Q14+$X14) -> 420 | U14: =IF($B14="", "", $G14-$T14) -> 80 | X14: =IF(AND($AM14="", $AN14="", $AO14=""), "", SUM($AM14:$AO14)) -> 10 | Y14: =IF(OR($M14="", $N14=""), "", $N14-$M14) | Z14: =IF(OR($M14="", $F14=""), "", $F14-$M14) | AA14: =IF($B14="", "", IF(COUNTIF($B$11:$B$510, $B14)>1, "X", "")) | AC14: =IF(OR($M14="", $F14=""), "", IF($M14>$F14, $AC$2, IF($M14<$F14, $AC$4, IF($M14=$F14, $AC$3, "")))) | AD14: =IF(OR($M14="", $F14=""), "", IF($Y14>$AD$6, $AC$2, IF($Y14<$AD$6, $AC$4, IF($Y14=$AD$6, $AC$3, "")))) | AF14: =IF(OR($P14="", $H14=""), "", IF($P14>$H14, $AC$2, IF($P14<$H14, $AC$4, IF($P14=$H14, $AC$3, "")))) -> Red | AG14: =IF(OR($Q14="", $I14=""), "", IF($Q14>$I14, $AC$2, IF($Q14<$I14, $AC$4, IF($Q14=$I14, $AC$3, "")))) -> Green | AH14: =IF(OR($R14="", $AH$6=""), "", IF($R14>$AH$6, $AC$4, IF($R14<$AH$6, $AC$2, IF($R14=$AH$6, $AC$3, "")))) -> Green | AJ14: =IF(OR($T14="", $G14=""), "", IF($T14>$G14, $AC$2, IF($T14<$G14, $AC$4, IF($T14=$G14, $AC$3, "")))) -> Green | AK14: =IF($U14="", "", IF($U14>0, $AC$4, IF($U14=0, $AC$3, IF($U14<0, $AC$2, "")))) -> Green | AM14: =IF($J14=$X$3, ROUND((IF($H$4="", 0, $G14*$H$4))+(IF($I$4="", 0, $I$4)), 2), 0) -> 10 | AN14: =IF($K14=$X$3, ROUND((IF($H$5="", 0, $G14*$H$5))+(IF($I$5="", 0, $I$5)), 2), 0) -> 0 | AO14: =IF($L14=$X$3, ROUND((IF($H$6="", 0, $G14*$H$6))+(IF($I$6="", 0, $I$6)), 2), 0) -> 0 | AQ14: =IF(OR($M14="", $N14=""), "", "X") | AS14: =IF($AQ14="", "", IF(($N14-$M14)>$AD$6, $AS$8, $AS$7)) | AT14: =IF($AQ14="", "", IF($U14<0, $AT$8, $AT$7)) | AU14: =IF($AQ14="", "", IF(($H14-$P14)>0, $AU$7, $AU$8)) | AV14: =IF($AQ14="", "", IF(($G14-$Q14)>0, $AV$7, $AV$8))
B15: 5 | C15: Project 5 | E15: 43586 | F15: 43617 | G15: 600 | H15: 0.41666667 | I15: 150 | J15: ✓ | P15: =IF($B15="", "", SUMIF('Time & Expenses'!$G$11:$G$8010, $B15, 'Time & Expenses'!$J$11:$J$8010)) -> 0.45833333 | Q15: =IF($B15="", "", SUMIF('Time & Expenses'!$G$11:$G$8010, $B15, 'Time & Expenses'!$K$11:$K$8010)) -> 160 | R15: =IFERROR(IF($B15="", "", ($G15-$X15-$Q15)/($P15*24)), "") -> 38.909091 | T15: =IF($B15="", "", ($P15*$AH$6*24)+$Q15+$X15) -> 502 | U15: =IF($B15="", "", $G15-$T15) -> 98 | X15: =IF(AND($AM15="", $AN15="", $AO15=""), "", SUM($AM15:$AO15)) -> 12 | Y15: =IF(OR($M15="", $N15=""), "", $N15-$M15) | Z15: =IF(OR($M15="", $F15=""), "", $F15-$M15) | AA15: =IF($B15="", "", IF(COUNTIF($B$11:$B$510, $B15)>1, "X", "")) | AC15: =IF(OR($M15="", $F15=""), "", IF($M15>$F15, $AC$2, IF($M15<$F15, $AC$4, IF($M15=$F15, $AC$3, "")))) | AD15: =IF(OR($M15="", $F15=""), "", IF($Y15>$AD$6, $AC$2, IF($Y15<$AD$6, $AC$4, IF($Y15=$AD$6, $AC$3, "")))) | AF15: =IF(OR($P15="", $H15=""), "", IF($P15>$H15, $AC$2, IF($P15<$H15, $AC$4, IF($P15=$H15, $AC$3, "")))) -> Red | AG15: =IF(OR($Q15="", $I15=""), "", IF($Q15>$I15, $AC$2, IF($Q15<$I15, $AC$4, IF($Q15=$I15, $AC$3, "")))) -> Red | AH15: =IF(OR($R15="", $AH$6=""), "", IF($R15>$AH$6, $AC$4, IF($R15<$AH$6, $AC$2, IF($R15=$AH$6, $AC$3, "")))) -> Green | AJ15: =IF(OR($T15="", $G15=""), "", IF($T15>$G15, $AC$2, IF($T15<$G15, $AC$4, IF($T15=$G15, $AC$3, "")))) -> Green | AK15: =IF($U15="", "", IF($U15>0, $AC$4, IF($U15=0, $AC$3, IF($U15<0, $AC$2, "")))) -> Green | AM15: =IF($J15=$X$3, ROUND((IF($H$4="", 0, $G15*$H$4))+(IF($I$4="", 0, $I$4)), 2), 0) -> 12 | AN15: =IF($K15=$X$3, ROUND((IF($H$5="", 0, $G15*$H$5))+(IF($I$5="", 0, $I$5)), 2), 0) -> 0 | AO15: =IF($L15=$X$3, ROUND((IF($H$6="", 0, $G15*$H$6))+(IF($I$6="", 0, $I$6)), 2), 0) -> 0 | AQ15: =IF(OR($M15="", $N15=""), "", "X") | AS15: =IF($AQ15="", "", IF(($N15-$M15)>$AD$6, $AS$8, $AS$7)) | AT15: =IF($AQ15="", "", IF($U15<0, $AT$8, $AT$7)) | AU15: =IF($AQ15="", "", IF(($H15-$P15)>0, $AU$7, $AU$8)) | AV15: =IF($AQ15="", "", IF(($G15-$Q15)>0, $AV$7, $AV$8))
P16: =IF($B16="", "", SUMIF('Time & Expenses'!$G$11:$G$8010, $B16, 'Time & Expenses'!$J$11:$J$8010)) | Q16: =IF($B16="", "", SUMIF('Time & Expenses'!$G$11:$G$8010, $B16, 'Time & Expenses'!$K$11:$K$8010)) | R16: =IFERROR(IF($B16="", "", ($G16-$X16-$Q16)/($P16*24)), "") | T16: =IF($B16="", "", ($P16*$AH$6*24)+$Q16+$X16) | U16: =IF($B16="", "", $G16-$T16) | X16: =IF(AND($AM16="", $AN16="", $AO16=""), "", SUM($AM16:$AO16)) -> 0 | Y16: =IF(OR($M16="", $N16=""), "", $N16-$M16) | Z16: =IF(OR($M16="", $F16=""), "", $F16-$M16) | AA16: =IF($B16="", "", IF(COUNTIF($B$11:$B$510, $B16)>1, "X", "")) | AC16: =IF(OR($M16="", $F16=""), "", IF($M16>$F16, $AC$2, IF($M16<$F16, $AC$4, IF($M16=$F16, $AC$3, "")))) | AD16: =IF(OR($M16="", $F16=""), "", IF($Y16>$AD$6, $AC$2, IF($Y16<$AD$6, $AC$4, IF($Y16=$AD$6, $AC$3, "")))) | AF16: =IF(OR($P16="", $H16=""), "", IF($P16>$H16, $AC$2, IF($P16<$H16, $AC$4, IF($P16=$H16, $AC$3, "")))) | AG16: =IF(OR($Q16="", $I16=""), "", IF($Q16>$I16, $AC$2, IF($Q16<$I16, $AC$4, IF($Q16=$I16, $AC$3, "")))) | AH16: =IF(OR($R16="", $AH$6=""), "", IF($R16>$AH$6, $AC$4, IF($R16<$AH$6, $AC$2, IF($R16=$AH$6, $AC$3, "")))) | AJ16: =IF(OR($T16="", $G16=""), "", IF($T16>$G16, $AC$2, IF($T16<$G16, $AC$4, IF($T16=$G16, $AC$3, "")))) | AK16: =IF($U16="", "", IF($U16>0, $AC$4, IF($U16=0, $AC$3, IF($U16<0, $AC$2, "")))) | AM16: =IF($J16=$X$3, ROUND((IF($H$4="", 0, $G16*$H$4))+(IF($I$4="", 0, $I$4)), 2), 0) -> 0 | AN16: =IF($K16=$X$3, ROUND((IF($H$5="", 0, $G16*$H$5))+(IF($I$5="", 0, $I$5)), 2), 0) -> 0 | AO16: =IF($L16=$X$3, ROUND((IF($H$6="", 0, $G16*$H$6))+(IF($I$6="", 0, $I$6)), 2), 0) -> 0 | AQ16: =IF(OR($M16="", $N16=""), "", "X") | AS16: =IF($AQ16="", "", IF(($N16-$M16)>$AD$6, $AS$8, $AS$7)) | AT16: =IF($AQ16="", "", IF($U16<0, $AT$8, $AT$7)) | AU16: =IF($AQ16="", "", IF(($H16-$P16)>0, $AU$7, $AU$8)) | AV16: =IF($AQ16="", "", IF(($G16-$Q16)>0, $AV$7, $AV$8))
P17: =IF($B17="", "", SUMIF('Time & Expenses'!$G$11:$G$8010, $B17, 'Time & Expenses'!$J$11:$J$8010)) | Q17: =IF($B17="", "", SUMIF('Time & Expenses'!$G$11:$G$8010, $B17, 'Time & Expenses'!$K$11:$K$8010)) | R17: =IFERROR(IF($B17="", "", ($G17-$X17-$Q17)/($P17*24)), "") | T17: =IF($B17="", "", ($P17*$AH$6*24)+$Q17+$X17) | U17: =IF($B17="", "", $G17-$T17) | X17: =IF(AND($AM17="", $AN17="", $AO17=""), "", SUM($AM17:$AO17)) -> 0 | Y17: =IF(OR($M17="", $N17=""), "", $N17-$M17) | Z17: =IF(OR($M17="", $F17=""), "", $F17-$M17) | AA17: =IF($B17="", "", IF(COUNTIF($B$11:$B$510, $B17)>1, "X", "")) | AC17: =IF(OR($M17="", $F17=""), "", IF($M17>$F17, $AC$2, IF($M17<$F17, $AC$4, IF($M17=$F17, $AC$3, "")))) | AD17: =IF(OR($M17="", $F17=""), "", IF($Y17>$AD$6, $AC$2, IF($Y17<$AD$6, $AC$4, IF($Y17=$AD$6, $AC$3, "")))) | AF17: =IF(OR($P17="", $H17=""), "", IF($P17>$H17, $AC$2, IF($P17<$H17, $AC$4, IF($P17=$H17, $AC$3, "")))) | AG17: =IF(OR($Q17="", $I17=""), "", IF($Q17>$I17, $AC$2, IF($Q17<$I17, $AC$4, IF($Q17=$I17, $AC$3, "")))) | AH17: =IF(OR($R17="", $AH$6=""), "", IF($R17>$AH$6, $AC$4, IF($R17<$AH$6, $AC$2, IF($R17=$AH$6, $AC$3, "")))) | AJ17: =IF(OR($T17="", $G17=""), "", IF($T17>$G17, $AC$2, IF($T17<$G17, $AC$4, IF($T17=$G17, $AC$3, "")))) | AK17: =IF($U17="", "", IF($U17>0, $AC$4, IF($U17=0, $AC$3, IF($U17<0, $AC$2, "")))) | AM17: =IF($J17=$X$3, ROUND((IF($H$4="", 0, $G17*$H$4))+(IF($I$4="", 0, $I$4)), 2), 0) -> 0 | AN17: =IF($K17=$X$3, ROUND((IF($H$5="", 0, $G17*$H$5))+(IF($I$5="", 0, $I$5)), 2), 0) -> 0 | AO17: =IF($L17=$X$3, ROUND((IF($H$6="", 0, $G17*$H$6))+(IF($I$6="", 0, $I$6)), 2), 0) -> 0 | AQ17: =IF(OR($M17="", $N17=""), "", "X") | AS17: =IF($AQ17="", "", IF(($N17-$M17)>$AD$6, $AS$8, $AS$7)) | AT17: =IF($AQ17="", "", IF($U17<0, $AT$8, $AT$7)) | AU17: =IF($AQ17="", "", IF(($H17-$P17)>0, $AU$7, $AU$8)) | AV17: =IF($AQ17="", "", IF(($G17-$Q17)>0, $AV$7, $AV$8))
P18: =IF($B18="", "", SUMIF('Time & Expenses'!$G$11:$G$8010, $B18, 'Time & Expenses'!$J$11:$J$8010)) | Q18: =IF($B18="", "", SUMIF('Time & Expenses'!$G$11:$G$8010, $B18, 'Time & Expenses'!$K$11:$K$8010)) | R18: =IFERROR(IF($B18="", "", ($G18-$X18-$Q18)/($P18*24)), "") | T18: =IF($B18="", "", ($P18*$AH$6*24)+$Q18+$X18) | U18: =IF($B18="", "", $G18-$T18) | X18: =IF(AND($AM18="", $AN18="", $AO18=""), "", SUM($AM18:$AO18)) -> 0 | Y18: =IF(OR($M18="", $N18=""), "", $N18-$M18) | Z18: =IF(OR($M18="", $F18=""), "", $F18-$M18) | AA18: =IF($B18="", "", IF(COUNTIF($B$11:$B$510, $B18)>1, "X", "")) | AC18: =IF(OR($M18="", $F18=""), "", IF($M18>$F18, $AC$2, IF($M18<$F18, $AC$4, IF($M18=$F18, $AC$3, "")))) | AD18: =IF(OR($M18="", $F18=""), "", IF($Y18>$AD$6, $AC$2, IF($Y18<$AD$6, $AC$4, IF($Y18=$AD$6, $AC$3, "")))) | AF18: =IF(OR($P18="", $H18=""), "", IF($P18>$H18, $AC$2, IF($P18<$H18, $AC$4, IF($P18=$H18, $AC$3, "")))) | AG18: =IF(OR($Q18="", $I18=""), "", IF($Q18>$I18, $AC$2, IF($Q18<$I18, $AC$4, IF($Q18=$I18, $AC$3, "")))) | AH18: =IF(OR($R18="", $AH$6=""), "", IF($R18>$AH$6, $AC$4, IF($R18<$AH$6, $AC$2, IF($R18=$AH$6, $AC$3, "")))) | AJ18: =IF(OR($T18="", $G18=""), "", IF($T18>$G18, $AC$2, IF($T18<$G18, $AC$4, IF($T18=$G18, $AC$3, "")))) | AK18: =IF($U18="", "", IF($U18>0, $AC$4, IF($U18=0, $AC$3, IF($U18<0, $AC$2, "")))) | AM18: =IF($J18=$X$3, ROUND((IF($H$4="", 0, $G18*$H$4))+(IF($I$4="", 0, $I$4)), 2), 0) -> 0 | AN18: =IF($K18=$X$3, ROUND((IF($H$5="", 0, $G18*$H$5))+(IF($I$5="", 0, $I$5)), 2), 0) -> 0 | AO18: =IF($L18=$X$3, ROUND((IF($H$6="", 0, $G18*$H$6))+(IF($I$6="", 0, $I$6)), 2), 0) -> 0 | AQ18: =IF(OR($M18="", $N18=""), "", "X") | AS18: =IF($AQ18="", "", IF(($N18-$M18)>$AD$6, $AS$8, $AS$7)) | AT18: =IF($AQ18="", "", IF($U18<0, $AT$8, $AT$7)) | AU18: =IF($AQ18="", "", IF(($H18-$P18)>0, $AU$7, $AU$8)) | AV18: =IF($AQ18="", "", IF(($G18-$Q18)>0, $AV$7, $AV$8))
P19: =IF($B19="", "", SUMIF('Time & Expenses'!$G$11:$G$8010, $B19, 'Time & Expenses'!$J$11:$J$8010)) | Q19: =IF($B19="", "", SUMIF('Time & Expenses'!$G$11:$G$8010, $B19, 'Time & Expenses'!$K$11:$K$8010)) | R19: =IFERROR(IF($B19="", "", ($G19-$X19-$Q19)/($P19*24)), "") | T19: =IF($B19="", "", ($P19*$AH$6*24)+$Q19+$X19) | U19: =IF($B19="", "", $G19-$T19) | X19: =IF(AND($AM19="", $AN19="", $AO19=""), "", SUM($AM19:$AO19)) -> 0 | Y19: =IF(OR($M19="", $N19=""), "", $N19-$M19) | Z19: =IF(OR($M19="", $F19=""), "", $F19-$M19) | AA19: =IF($B19="", "", IF(COUNTIF($B$11:$B$510, $B19)>1, "X", "")) | AC19: =IF(OR($M19="", $F19=""), "", IF($M19>$F19, $AC$2, IF($M19<$F19, $AC$4, IF($M19=$F19, $AC$3, "")))) | AD19: =IF(OR($M19="", $F19=""), "", IF($Y19>$AD$6, $AC$2, IF($Y19<$AD$6, $AC$4, IF($Y19=$AD$6, $AC$3, "")))) | AF19: =IF(OR($P19="", $H19=""), "", IF($P19>$H19, $AC$2, IF($P19<$H19, $AC$4, IF($P19=$H19, $AC$3, "")))) | AG19: =IF(OR($Q19="", $I19=""), "", IF($Q19>$I19, $AC$2, IF($Q19<$I19, $AC$4, IF($Q19=$I19, $AC$3, "")))) | AH19: =IF(OR($R19="", $AH$6=""), "", IF($R19>$AH$6, $AC$4, IF($R19<$AH$6, $AC$2, IF($R19=$AH$6, $AC$3, "")))) | AJ19: =IF(OR($T19="", $G19=""), "", IF($T19>$G19, $AC$2, IF($T19<$G19, $AC$4, IF($T19=$G19, $AC$3, "")))) | AK19: =IF($U19="", "", IF($U19>0, $AC$4, IF($U19=0, $AC$3, IF($U19<0, $AC$2, "")))) | AM19: =IF($J19=$X$3, ROUND((IF($H$4="", 0, $G19*$H$4))+(IF($I$4="", 0, $I$4)), 2), 0) -> 0 | AN19: =IF($K19=$X$3, ROUND((IF($H$5="", 0, $G19*$H$5))+(IF($I$5="", 0, $I$5)), 2), 0) -> 0 | AO19: =IF($L19=$X$3, ROUND((IF($H$6="", 0, $G19*$H$6))+(IF($I$6="", 0, $I$6)), 2), 0) -> 0 | AQ19: =IF(OR($M19="", $N19=""), "", "X") | AS19: =IF($AQ19="", "", IF(($N19-$M19)>$AD$6, $AS$8, $AS$7)) | AT19: =IF($AQ19="", "", IF($U19<0, $AT$8, $AT$7)) | AU19: =IF($AQ19="", "", IF(($H19-$P19)>0, $AU$7, $AU$8)) | AV19: =IF($AQ19="", "", IF(($G19-$Q19)>0, $AV$7, $AV$8))
P20: =IF($B20="", "", SUMIF('Time & Expenses'!$G$11:$G$8010, $B20, 'Time & Expenses'!$J$11:$J$8010)) | Q20: =IF($B20="", "", SUMIF('Time & Expenses'!$G$11:$G$8010, $B20, 'Time & Expenses'!$K$11:$K$8010)) | R20: =IFERROR(IF($B20="", "", ($G20-$X20-$Q20)/($P20*24)), "") | T20: =IF($B20="", "", ($P20*$AH$6*24)+$Q20+$X20) | U20: =IF($B20="", "", $G20-$T20) | X20: =IF(AND($AM20="", $AN20="", $AO20=""), "", SUM($AM20:$AO20)) -> 0 | Y20: =IF(OR($M20="", $N20=""), "", $N20-$M20) | Z20: =IF(OR($M20="", $F20=""), "", $F20-$M20) | AA20: =IF($B20="", "", IF(COUNTIF($B$11:$B$510, $B20)>1, "X", "")) | AC20: =IF(OR($M20="", $F20=""), "", IF($M20>$F20, $AC$2, IF($M20<$F20, $AC$4, IF($M20=$F20, $AC$3, "")))) | AD20: =IF(OR($M20="", $F20=""), "", IF($Y20>$AD$6, $AC$2, IF($Y20<$AD$6, $AC$4, IF($Y20=$AD$6, $AC$3, "")))) | AF20: =IF(OR($P20="", $H20=""), "", IF($P20>$H20, $AC$2, IF($P20<$H20, $AC$4, IF($P20=$H20, $AC$3, "")))) | AG20: =IF(OR($Q20="", $I20=""), "", IF($Q20>$I20, $AC$2, IF($Q20<$I20, $AC$4, IF($Q20=$I20, $AC$3, "")))) | AH20: =IF(OR($R20="", $AH$6=""), "", IF($R20>$AH$6, $AC$4, IF($R20<$AH$6, $AC$2, IF($R20=$AH$6, $AC$3, "")))) | AJ20: =IF(OR($T20="", $G20=""), "", IF($T20>$G20, $AC$2, IF($T20<$G20, $AC$4, IF($T20=$G20, $AC$3, "")))) | AK20: =IF($U20="", "", IF($U20>0, $AC$4, IF($U20=0, $AC$3, IF($U20<0, $AC$2, "")))) | AM20: =IF($J20=$X$3, ROUND((IF($H$4="", 0, $G20*$H$4))+(IF($I$4="", 0, $I$4)), 2), 0) -> 0 | AN20: =IF($K20=$X$3, ROUND((IF($H$5="", 0, $G20*$H$5))+(IF($I$5="", 0, $I$5)), 2), 0) -> 0 | AO20: =IF($L20=$X$3, ROUND((IF($H$6="", 0, $G20*$H$6))+(IF($I$6="", 0, $I$6)), 2), 0) -> 0 | AQ20: =IF(OR($M20="", $N20=""), "", "X") | AS20: =IF($AQ20="", "", IF(($N20-$M20)>$AD$6, $AS$8, $AS$7)) | AT20: =IF($AQ20="", "", IF($U20<0, $AT$8, $AT$7)) | AU20: =IF($AQ20="", "", IF(($H20-$P20)>0, $AU$7, $AU$8)) | AV20: =IF($AQ20="", "", IF(($G20-$Q20)>0, $AV$7, $AV$8))
P21: =IF($B21="", "", SUMIF('Time & Expenses'!$G$11:$G$8010, $B21, 'Time & Expenses'!$J$11:$J$8010)) | Q21: =IF($B21="", "", SUMIF('Time & Expenses'!$G$11:$G$8010, $B21, 'Time & Expenses'!$K$11:$K$8010)) | R21: =IFERROR(IF($B21="", "", ($G21-$X21-$Q21)/($P21*24)), "") | T21: =IF($B21="", "", ($P21*$AH$6*24)+$Q21+$X21) | U21: =IF($B21="", "", $G21-$T21) | X21: =IF(AND($AM21="", $AN21="", $AO21=""), "", SUM($AM21:$AO21)) -> 0 | Y21: =IF(OR($M21="", $N21=""), "", $N21-$M21) | Z21: =IF(OR($M21="", $F21=""), "", $F21-$M21) | AA21: =IF($B21="", "", IF(COUNTIF($B$11:$B$510, $B21)>1, "X", "")) | AC21: =IF(OR($M21="", $F21=""), "", IF($M21>$F21, $AC$2, IF($M21<$F21, $AC$4, IF($M21=$F21, $AC$3, "")))) | AD21: =IF(OR($M21="", $F21=""), "", IF($Y21>$AD$6, $AC$2, IF($Y21<$AD$6, $AC$4, IF($Y21=$AD$6, $AC$3, "")))) | AF21: =IF(OR($P21="", $H21=""), "", IF($P21>$H21, $AC$2, IF($P21<$H21, $AC$4, IF($P21=$H21, $AC$3, "")))) | AG21: =IF(OR($Q21="", $I21=""), "", IF($Q21>$I21, $AC$2, IF($Q21<$I21, $AC$4, IF($Q21=$I21, $AC$3, "")))) | AH21: =IF(OR($R21="", $AH$6=""), "", IF($R21>$AH$6, $AC$4, IF($R21<$AH$6, $AC$2, IF($R21=$AH$6, $AC$3, "")))) | AJ21: =IF(OR($T21="", $G21=""), "", IF($T21>$G21, $AC$2, IF($T21<$G21, $AC$4, IF($T21=$G21, $AC$3, "")))) | AK21: =IF($U21="", "", IF($U21>0, $AC$4, IF($U21=0, $AC$3, IF($U21<0, $AC$2, "")))) | AM21: =IF($J21=$X$3, ROUND((IF($H$4="", 0, $G21*$H$4))+(IF($I$4="", 0, $I$4)), 2), 0) -> 0 | AN21: =IF($K21=$X$3, ROUND((IF($H$5="", 0, $G21*$H$5))+(IF($I$5="", 0, $I$5)), 2), 0) -> 0 | AO21: =IF($L21=$X$3, ROUND((IF($H$6="", 0, $G21*$H$6))+(IF($I$6="", 0, $I$6)), 2), 0) -> 0 | AQ21: =IF(OR($M21="", $N21=""), "", "X") | AS21: =IF($AQ21="", "", IF(($N21-$M21)>$AD$6, $AS$8, $AS$7)) | AT21: =IF($AQ21="", "", IF($U21<0, $AT$8, $AT$7)) | AU21: =IF($AQ21="", "", IF(($H21-$P21)>0, $AU$7, $AU$8)) | AV21: =IF($AQ21="", "", IF(($G21-$Q21)>0, $AV$7, $AV$8))
P22: =IF($B22="", "", SUMIF('Time & Expenses'!$G$11:$G$8010, $B22, 'Time & Expenses'!$J$11:$J$8010)) | Q22: =IF($B22="", "", SUMIF('Time & Expenses'!$G$11:$G$8010, $B22, 'Time & Expenses'!$K$11:$K$8010)) | R22: =IFERROR(IF($B22="", "", ($G22-$X22-$Q22)/($P22*24)), "") | T22: =IF($B22="", "", ($P22*$AH$6*24)+$Q22+$X22) | U22: =IF($B22="", "", $G22-$T22) | X22: =IF(AND($AM22="", $AN22="", $AO22=""), "", SUM($AM22:$AO22)) -> 0 | Y22: =IF(OR($M22="", $N22=""), "", $N22-$M22) | Z22: =IF(OR($M22="", $F22=""), "", $F22-$M22) | AA22: =IF($B22="", "", IF(COUNTIF($B$11:$B$510, $B22)>1, "X", "")) | AC22: =IF(OR($M22="", $F22=""), "", IF($M22>$F22, $AC$2, IF($M22<$F22, $AC$4, IF($M22=$F22, $AC$3, "")))) | AD22: =IF(OR($M22="", $F22=""), "", IF($Y22>$AD$6, $AC$2, IF($Y22<$AD$6, $AC$4, IF($Y22=$AD$6, $AC$3, "")))) | AF22: =IF(OR($P22="", $H22=""), "", IF($P22>$H22, $AC$2, IF($P22<$H22, $AC$4, IF($P22=$H22, $AC$3, "")))) | AG22: =IF(OR($Q22="", $I22=""), "", IF($Q22>$I22, $AC$2, IF($Q22<$I22, $AC$4, IF($Q22=$I22, $AC$3, "")))) | AH22: =IF(OR($R22="", $AH$6=""), "", IF($R22>$AH$6, $AC$4, IF($R22<$AH$6, $AC$2, IF($R22=$AH$6, $AC$3, "")))) | AJ22: =IF(OR($T22="", $G22=""), "", IF($T22>$G22, $AC$2, IF($T22<$G22, $AC$4, IF($T22=$G22, $AC$3, "")))) | AK22: =IF($U22="", "", IF($U22>0, $AC$4, IF($U22=0, $AC$3, IF($U22<0, $AC$2, "")))) | AM22: =IF($J22=$X$3, ROUND((IF($H$4="", 0, $G22*$H$4))+(IF($I$4="", 0, $I$4)), 2), 0) -> 0 | AN22: =IF($K22=$X$3, ROUND((IF($H$5="", 0, $G22*$H$5))+(IF($I$5="", 0, $I$5)), 2), 0) -> 0 | AO22: =IF($L22=$X$3, ROUND((IF($H$6="", 0, $G22*$H$6))+(IF($I$6="", 0, $I$6)), 2), 0) -> 0 | AQ22: =IF(OR($M22="", $N22=""), "", "X") | AS22: =IF($AQ22="", "", IF(($N22-$M22)>$AD$6, $AS$8, $AS$7)) | AT22: =IF($AQ22="", "", IF($U22<0, $AT$8, $AT$7)) | AU22: =IF($AQ22="", "", IF(($H22-$P22)>0, $AU$7, $AU$8)) | AV22: =IF($AQ22="", "", IF(($G22-$Q22)>0, $AV$7, $AV$8))
P23: =IF($B23="", "", SUMIF('Time & Expenses'!$G$11:$G$8010, $B23, 'Time & Expenses'!$J$11:$J$8010)) | Q23: =IF($B23="", "", SUMIF('Time & Expenses'!$G$11:$G$8010, $B23, 'Time & Expenses'!$K$11:$K$8010)) | R23: =IFERROR(IF($B23="", "", ($G23-$X23-$Q23)/($P23*24)), "") | T23: =IF($B23="", "", ($P23*$AH$6*24)+$Q23+$X23) | U23: =IF($B23="", "", $G23-$T23) | X23: =IF(AND($AM23="", $AN23="", $AO23=""), "", SUM($AM23:$AO23)) -> 0 | Y23: =IF(OR($M23="", $N23=""), "", $N23-$M23) | Z23: =IF(OR($M23="", $F23=""), "", $F23-$M23) | AA23: =IF($B23="", "", IF(COUNTIF($B$11:$B$510, $B23)>1, "X", "")) | AC23: =IF(OR($M23="", $F23=""), "", IF($M23>$F23, $AC$2, IF($M23<$F23, $AC$4, IF($M23=$F23, $AC$3, "")))) | AD23: =IF(OR($M23="", $F23=""), "", IF($Y23>$AD$6, $AC$2, IF($Y23<$AD$6, $AC$4, IF($Y23=$AD$6, $AC$3, "")))) | AF23: =IF(OR($P23="", $H23=""), "", IF($P23>$H23, $AC$2, IF($P23<$H23, $AC$4, IF($P23=$H23, $AC$3, "")))) | AG23: =IF(OR($Q23="", $I23=""), "", IF($Q23>$I23, $AC$2, IF($Q23<$I23, $AC$4, IF($Q23=$I23, $AC$3, "")))) | AH23: =IF(OR($R23="", $AH$6=""), "", IF($R23>$AH$6, $AC$4, IF($R23<$AH$6, $AC$2, IF($R23=$AH$6, $AC$3, "")))) | AJ23: =IF(OR($T23="", $G23=""), "", IF($T23>$G23, $AC$2, IF($T23<$G23, $AC$4, IF($T23=$G23, $AC$3, "")))) | AK23: =IF($U23="", "", IF($U23>0, $AC$4, IF($U23=0, $AC$3, IF($U23<0, $AC$2, "")))) | AM23: =IF($J23=$X$3, ROUND((IF($H$4="", 0, $G23*$H$4))+(IF($I$4="", 0, $I$4)), 2), 0) -> 0 | AN23: =IF($K23=$X$3, ROUND((IF($H$5="", 0, $G23*$H$5))+(IF($I$5="", 0, $I$5)), 2), 0) -> 0 | AO23: =IF($L23=$X$3, ROUND((IF($H$6="", 0, $G23*$H$6))+(IF($I$6="", 0, $I$6)), 2), 0) -> 0 | AQ23: =IF(OR($M23="", $N23=""), "", "X") | AS23: =IF($AQ23="", "", IF(($N23-$M23)>$AD$6, $AS$8, $AS$7)) | AT23: =IF($AQ23="", "", IF($U23<0, $AT$8, $AT$7)) | AU23: =IF($AQ23="", "", IF(($H23-$P23)>0, $AU$7, $AU$8)) | AV23: =IF($AQ23="", "", IF(($G23-$Q23)>0, $AV$7, $AV$8))
P24: =IF($B24="", "", SUMIF('Time & Expenses'!$G$11:$G$8010, $B24, 'Time & Expenses'!$J$11:$J$8010)) | Q24: =IF($B24="", "", SUMIF('Time & Expenses'!$G$11:$G$8010, $B24, 'Time & Expenses'!$K$11:$K$8010)) | R24: =IFERROR(IF($B24="", "", ($G24-$X24-$Q24)/($P24*24)), "") | T24: =IF($B24="", "", ($P24*$AH$6*24)+$Q24+$X24) | U24: =IF($B24="", "", $G24-$T24) | X24: =IF(AND($AM24="", $AN24="", $AO24=""), "", SUM($AM24:$AO24)) -> 0 | Y24: =IF(OR($M24="", $N24=""), "", $N24-$M24) | Z24: =IF(OR($M24="", $F24=""), "", $F24-$M24) | AA24: =IF($B24="", "", IF(COUNTIF($B$11:$B$510, $B24)>1, "X", "")) | AC24: =IF(OR($M24="", $F24=""), "", IF($M24>$F24, $AC$2, IF($M24<$F24, $AC$4, IF($M24=$F24, $AC$3, "")))) | AD24: =IF(OR($M24="", $F24=""), "", IF($Y24>$AD$6, $AC$2, IF($Y24<$AD$6, $AC$4, IF($Y24=$AD$6, $AC$3, "")))) | AF24: =IF(OR($P24="", $H24=""), "", IF($P24>$H24, $AC$2, IF($P24<$H24, $AC$4, IF($P24=$H24, $AC$3, "")))) | AG24: =IF(OR($Q24="", $I24=""), "", IF($Q24>$I24, $AC$2, IF($Q24<$I24, $AC$4, IF($Q24=$I24, $AC$3, "")))) | AH24: =IF(OR($R24="", $AH$6=""), "", IF($R24>$AH$6, $AC$4, IF($R24<$AH$6, $AC$2, IF($R24=$AH$6, $AC$3, "")))) | AJ24: =IF(OR($T24="", $G24=""), "", IF($T24>$G24, $AC$2, IF($T24<$G24, $AC$4, IF($T24=$G24, $AC$3, "")))) | AK24: =IF($U24="", "", IF($U24>0, $AC$4, IF($U24=0, $AC$3, IF($U24<0, $AC$2, "")))) | AM24: =IF($J24=$X$3, ROUND((IF($H$4="", 0, $G24*$H$4))+(IF($I$4="", 0, $I$4)), 2), 0) -> 0 | AN24: =IF($K24=$X$3, ROUND((IF($H$5="", 0, $G24*$H$5))+(IF($I$5="", 0, $I$5)), 2), 0) -> 0 | AO24: =IF($L24=$X$3, ROUND((IF($H$6="", 0, $G24*$H$6))+(IF($I$6="", 0, $I$6)), 2), 0) -> 0 | AQ24: =IF(OR($M24="", $N24=""), "", "X") | AS24: =IF($AQ24="", "", IF(($N24-$M24)>$AD$6, $AS$8, $AS$7)) | AT24: =IF($AQ24="", "", IF($U24<0, $AT$8, $AT$7)) | AU24: =IF($AQ24="", "", IF(($H24-$P24)>0, $AU$7, $AU$8)) | AV24: =IF($AQ24="", "", IF(($G24-$Q24)>0, $AV$7, $AV$8))
P25: =IF($B25="", "", SUMIF('Time & Expenses'!$G$11:$G$8010, $B25, 'Time & Expenses'!$J$11:$J$8010)) | Q25: =IF($B25="", "", SUMIF('Time & Expenses'!$G$11:$G$8010, $B25, 'Time & Expenses'!$K$11:$K$8010)) | R25: =IFERROR(IF($B25="", "", ($G25-$X25-$Q25)/($P25*24)), "") | T25: =IF($B25="", "", ($P25*$AH$6*24)+$Q25+$X25) | U25: =IF($B25="", "", $G25-$T25) | X25: =IF(AND($AM25="", $AN25="", $AO25=""), "", SUM($AM25:$AO25)) -> 0 | Y25: =IF(OR($M25="", $N25=""), "", $N25-$M25) | Z25: =IF(OR($M25="", $F25=""), "", $F25-$M25) | AA25: =IF($B25="", "", IF(COUNTIF($B$11:$B$510, $B25)>1, "X", "")) | AC25: =IF(OR($M25="", $F25=""), "", IF($M25>$F25, $AC$2, IF($M25<$F25, $AC$4, IF($M25=$F25, $AC$3, "")))) | AD25: =IF(OR($M25="", $F25=""), "", IF($Y25>$AD$6, $AC$2, IF($Y25<$AD$6, $AC$4, IF($Y25=$AD$6, $AC$3, "")))) | AF25: =IF(OR($P25="", $H25=""), "", IF($P25>$H25, $AC$2, IF($P25<$H25, $AC$4, IF($P25=$H25, $AC$3, "")))) | AG25: =IF(OR($Q25="", $I25=""), "", IF($Q25>$I25, $AC$2, IF($Q25<$I25, $AC$4, IF($Q25=$I25, $AC$3, "")))) | AH25: =IF(OR($R25="", $AH$6=""), "", IF($R25>$AH$6, $AC$4, IF($R25<$AH$6, $AC$2, IF($R25=$AH$6, $AC$3, "")))) | AJ25: =IF(OR($T25="", $G25=""), "", IF($T25>$G25, $AC$2, IF($T25<$G25, $AC$4, IF($T25=$G25, $AC$3, "")))) | AK25: =IF($U25="", "", IF($U25>0, $AC$4, IF($U25=0, $AC$3, IF($U25<0, $AC$2, "")))) | AM25: =IF($J25=$X$3, ROUND((IF($H$4="", 0, $G25*$H$4))+(IF($I$4="", 0, $I$4)), 2), 0) -> 0 | AN25: =IF($K25=$X$3, ROUND((IF($H$5="", 0, $G25*$H$5))+(IF($I$5="", 0, $I$5)), 2), 0) -> 0 | AO25: =IF($L25=$X$3, ROUND((IF($H$6="", 0, $G25*$H$6))+(IF($I$6="", 0, $I$6)), 2), 0) -> 0 | AQ25: =IF(OR($M25="", $N25=""), "", "X") | AS25: =IF($AQ25="", "", IF(($N25-$M25)>$AD$6, $AS$8, $AS$7)) | AT25: =IF($AQ25="", "", IF($U25<0, $AT$8, $AT$7)) | AU25: =IF($AQ25="", "", IF(($H25-$P25)>0, $AU$7, $AU$8)) | AV25: =IF($AQ25="", "", IF(($G25-$Q25)>0, $AV$7, $AV$8))
P26: =IF($B26="", "", SUMIF('Time & Expenses'!$G$11:$G$8010, $B26, 'Time & Expenses'!$J$11:$J$8010)) | Q26: =IF($B26="", "", SUMIF('Time & Expenses'!$G$11:$G$8010, $B26, 'Time & Expenses'!$K$11:$K$8010)) | R26: =IFERROR(IF($B26="", "", ($G26-$X26-$Q26)/($P26*24)), "") | T26: =IF($B26="", "", ($P26*$AH$6*24)+$Q26+$X26) | U26: =IF($B26="", "", $G26-$T26) | X26: =IF(AND($AM26="", $AN26="", $AO26=""), "", SUM($AM26:$AO26)) -> 0 | Y26: =IF(OR($M26="", $N26=""), "", $N26-$M26) | Z26: =IF(OR($M26="", $F26=""), "", $F26-$M26) | AA26: =IF($B26="", "", IF(COUNTIF($B$11:$B$510, $B26)>1, "X", "")) | AC26: =IF(OR($M26="", $F26=""), "", IF($M26>$F26, $AC$2, IF($M26<$F26, $AC$4, IF($M26=$F26, $AC$3, "")))) | AD26: =IF(OR($M26="", $F26=""), "", IF($Y26>$AD$6, $AC$2, IF($Y26<$AD$6, $AC$4, IF($Y26=$AD$6, $AC$3, "")))) | AF26: =IF(OR($P26="", $H26=""), "", IF($P26>$H26, $AC$2, IF($P26<$H26, $AC$4, IF($P26=$H26, $AC$3, "")))) | AG26: =IF(OR($Q26="", $I26=""), "", IF($Q26>$I26, $AC$2, IF($Q26<$I26, $AC$4, IF($Q26=$I26, $AC$3, "")))) | AH26: =IF(OR($R26="", $AH$6=""), "", IF($R26>$AH$6, $AC$4, IF($R26<$AH$6, $AC$2, IF($R26=$AH$6, $AC$3, "")))) | AJ26: =IF(OR($T26="", $G26=""), "", IF($T26>$G26, $AC$2, IF($T26<$G26, $AC$4, IF($T26=$G26, $AC$3, "")))) | AK26: =IF($U26="", "", IF($U26>0, $AC$4, IF($U26=0, $AC$3, IF($U26<0, $AC$2, "")))) | AM26: =IF($J26=$X$3, ROUND((IF($H$4="", 0, $G26*$H$4))+(IF($I$4="", 0, $I$4)), 2), 0) -> 0 | AN26: =IF($K26=$X$3, ROUND((IF($H$5="", 0, $G26*$H$5))+(IF($I$5="", 0, $I$5)), 2), 0) -> 0 | AO26: =IF($L26=$X$3, ROUND((IF($H$6="", 0, $G26*$H$6))+(IF($I$6="", 0, $I$6)), 2), 0) -> 0 | AQ26: =IF(OR($M26="", $N26=""), "", "X") | AS26: =IF($AQ26="", "", IF(($N26-$M26)>$AD$6, $AS$8, $AS$7)) | AT26: =IF($AQ26="", "", IF($U26<0, $AT$8, $AT$7)) | AU26: =IF($AQ26="", "", IF(($H26-$P26)>0, $AU$7, $AU$8)) | AV26: =IF($AQ26="", "", IF(($G26-$Q26)>0, $AV$7, $AV$8))
P27: =IF($B27="", "", SUMIF('Time & Expenses'!$G$11:$G$8010, $B27, 'Time & Expenses'!$J$11:$J$8010)) | Q27: =IF($B27="", "", SUMIF('Time & Expenses'!$G$11:$G$8010, $B27, 'Time & Expenses'!$K$11:$K$8010)) | R27: =IFERROR(IF($B27="", "", ($G27-$X27-$Q27)/($P27*24)), "") | T27: =IF($B27="", "", ($P27*$AH$6*24)+$Q27+$X27) | U27: =IF($B27="", "", $G27-$T27) | X27: =IF(AND($AM27="", $AN27="", $AO27=""), "", SUM($AM27:$AO27)) -> 0 | Y27: =IF(OR($M27="", $N27=""), "", $N27-$M27) | Z27: =IF(OR($M27="", $F27=""), "", $F27-$M27) | AA27: =IF($B27="", "", IF(COUNTIF($B$11:$B$510, $B27)>1, "X", "")) | AC27: =IF(OR($M27="", $F27=""), "", IF($M27>$F27, $AC$2, IF($M27<$F27, $AC$4, IF($M27=$F27, $AC$3, "")))) | AD27: =IF(OR($M27="", $F27=""), "", IF($Y27>$AD$6, $AC$2, IF($Y27<$AD$6, $AC$4, IF($Y27=$AD$6, $AC$3, "")))) | AF27: =IF(OR($P27="", $H27=""), "", IF($P27>$H27, $AC$2, IF($P27<$H27, $AC$4, IF($P27=$H27, $AC$3, "")))) | AG27: =IF(OR($Q27="", $I27=""), "", IF($Q27>$I27, $AC$2, IF($Q27<$I27, $AC$4, IF($Q27=$I27, $AC$3, "")))) | AH27: =IF(OR($R27="", $AH$6=""), "", IF($R27>$AH$6, $AC$4, IF($R27<$AH$6, $AC$2, IF($R27=$AH$6, $AC$3, "")))) | AJ27: =IF(OR($T27="", $G27=""), "", IF($T27>$G27, $AC$2, IF($T27<$G27, $AC$4, IF($T27=$G27, $AC$3, "")))) | AK27: =IF($U27="", "", IF($U27>0, $AC$4, IF($U27=0, $AC$3, IF($U27<0, $AC$2, "")))) | AM27: =IF($J27=$X$3, ROUND((IF($H$4="", 0, $G27*$H$4))+(IF($I$4="", 0, $I$4)), 2), 0) -> 0 | AN27: =IF($K27=$X$3, ROUND((IF($H$5="", 0, $G27*$H$5))+(IF($I$5="", 0, $I$5)), 2), 0) -> 0 | AO27: =IF($L27=$X$3, ROUND((IF($H$6="", 0, $G27*$H$6))+(IF($I$6="", 0, $I$6)), 2), 0) -> 0 | AQ27: =IF(OR($M27="", $N27=""), "", "X") | AS27: =IF($AQ27="", "", IF(($N27-$M27)>$AD$6, $AS$8, $AS$7)) | AT27: =IF($AQ27="", "", IF($U27<0, $AT$8, $AT$7)) | AU27: =IF($AQ27="", "", IF(($H27-$P27)>0, $AU$7, $AU$8)) | AV27: =IF($AQ27="", "", IF(($G27-$Q27)>0, $AV$7, $AV$8))
... P510: =IF($B510="", "", SUMIF('Time & Expenses'!$G$11:$G$8010, $B510, 'Time & Expenses'!$J$11:$J$8010)) | Q510: =IF($B510="", "", SUMIF('Time & Expenses'!$G$11:$G$8010, $B510, 'Time & Expenses'!$K$11:$K$8010)) | R510: =IFERROR(IF($B510="", "", ($G510-$X510-$Q510)/($P510*24)), "") | T510: =IF($B510="", "", ($P510*$AH$6*24)+$Q510+$X510) | U510: =IF($B510="", "", $G510-$T510) | X510: =IF(AND($AM510="", $AN510="", $AO510=""), "", SUM($AM510:$AO510)) -> 0 | Y510: =IF(OR($M510="", $N510=""), "", $N510-$M510) | Z510: =IF(OR($M510="", $F510=""), "", $F510-$M510) | AA510: =IF($B510="", "", IF(COUNTIF($B$11:$B$510, $B510)>1, "X", "")) | AC510: =IF(OR($M510="", $F510=""), "", IF($M510>$F510, $AC$2, IF($M510<$F510, $AC$4, IF($M510=$F510, $AC$3, "")))) | AD510: =IF(OR($M510="", $F510=""), "", IF($Y510>$AD$6, $AC$2, IF($Y510<$AD$6, $AC$4, IF($Y510=$AD$6, $AC$3, "")))) | AF510: =IF(OR($P510="", $H510=""), "", IF($P510>$H510, $AC$2, IF($P510<$H510, $AC$4, IF($P510=$H510, $AC$3, "")))) | AG510: =IF(OR($Q510="", $I510=""), "", IF($Q510>$I510, $AC$2, IF($Q510<$I510, $AC$4, IF($Q510=$I510, $AC$3, "")))) | AH510: =IF(OR($R510="", $AH$6=""), "", IF($R510>$AH$6, $AC$4, IF($R510<$AH$6, $AC$2, IF($R510=$AH$6, $AC$3, "")))) | AJ510: =IF(OR($T510="", $G510=""), "", IF($T510>$G510, $AC$2, IF($T510<$G510, $AC$4, IF($T510=$G510, $AC$3, "")))) | AK510: =IF($U510="", "", IF($U510>0, $AC$4, IF($U510=0, $AC$3, IF($U510<0, $AC$2, "")))) | AM510: =IF($J510=$X$3, ROUND((IF($H$4="", 0, $G510*$H$4))+(IF($I$4="", 0, $I$4)), 2), 0) -> 0 | AN510: =IF($K510=$X$3, ROUND((IF($H$5="", 0, $G510*$H$5))+(IF($I$5="", 0, $I$5)), 2), 0) -> 0 | AO510: =IF($L510=$X$3, ROUND((IF($H$6="", 0, $G510*$H$6))+(IF($I$6="", 0, $I$6)), 2), 0) -> 0 | AQ510: =IF(OR($M510="", $N510=""), "", "X") | AS510: =IF($AQ510="", "", IF(($N510-$M510)>$AD$6, $AS$8, $AS$7)) | AT510: =IF($AQ510="", "", IF($U510<0, $AT$8, $AT$7)) | AU510: =IF($AQ510="", "", IF(($H510-$P510)>0, $AU$7, $AU$8)) | AV510: =IF($AQ510="", "", IF(($G510-$Q510)>0, $AV$7, $AV$8))

Sheet Time & Expenses
B2: Time & Expenses
B5: If you wish to add worked time or an expense to a project, simply select the relevant project number (the data under the blue headers will then show). Then add the date and description, and well as either time or an expense or both. Any values entered will add to the respective total on the Project List.
G7: =IF($N$8=0, "", "Incorrect")
G8: Select | J8: [h]:mm | N8: =COUNTIF($N$11:$N$8010, "X") -> 0
B9: Project Name | C9: Details | D9: Time | E9: Budget | G9: Project No. | H9: Date | I9: Description | J9: Time | K9: Expense | P9: Job Numbers
N10: Excluded
B11: =IF($G11="", "", IF(IFERROR(INDEX('Project List'!$C$11:$C$510, MATCH($G11, 'Project List'!$B$11:$B$510, 0)), "")="", "", IFERROR(INDEX('Project List'!$C$11:$C$510, MATCH($G11, 'Project List'!$B$11:$B$510, 0)), ""))) -> Project 1 | C11: =IF($G11="", "", IF(IFERROR(INDEX('Project List'!$D$11:$D$510, MATCH($G11, 'Project List'!$B$11:$B$510, 0)), "")="", "", IFERROR(INDEX('Project List'!$D$11:$D$510, MATCH($G11, 'Project List'!$B$11:$B$510, 0)), ""))) | D11: =IF($G11="", "", IF(IFERROR(INDEX('Project List'!$H$11:$H$510, MATCH($G11, 'Project List'!$B$11:$B$510, 0)), "")="", "", IFERROR(INDEX('Project List'!$H$11:$H$510, MATCH($G11, 'Project List'!$B$11:$B$510, 0)), ""))) -> 0.41666667 | E11: =IF($G11="", "", IF(IFERROR(INDEX('Project List'!$I$11:$I$510, MATCH($G11, 'Project List'!$B$11:$B$510, 0)), "")="", "", IFERROR(INDEX('Project List'!$I$11:$I$510, MATCH($G11, 'Project List'!$B$11:$B$510, 0)), ""))) -> 200 | G11: 1 | H11: 43466 | J11: 0.375 | K11: 280 | N11: =IF($G11="", "", IF(COUNTIF('Project List'!$B$11:$B$510, 'Time & Expenses'!$G11)=0, "X", "")) | P11: =IF('Project List'!$B11="", "", 'Project List'!$B11) -> 1
B12: =IF($G12="", "", IF(IFERROR(INDEX('Project List'!$C$11:$C$510, MATCH($G12, 'Project List'!$B$11:$B$510, 0)), "")="", "", IFERROR(INDEX('Project List'!$C$11:$C$510, MATCH($G12, 'Project List'!$B$11:$B$510, 0)), ""))) -> Project 2 | C12: =IF($G12="", "", IF(IFERROR(INDEX('Project List'!$D$11:$D$510, MATCH($G12, 'Project List'!$B$11:$B$510, 0)), "")="", "", IFERROR(INDEX('Project List'!$D$11:$D$510, MATCH($G12, 'Project List'!$B$11:$B$510, 0)), ""))) | D12: =IF($G12="", "", IF(IFERROR(INDEX('Project List'!$H$11:$H$510, MATCH($G12, 'Project List'!$B$11:$B$510, 0)), "")="", "", IFERROR(INDEX('Project List'!$H$11:$H$510, MATCH($G12, 'Project List'!$B$11:$B$510, 0)), ""))) -> 0.5 | E12: =IF($G12="", "", IF(IFERROR(INDEX('Project List'!$I$11:$I$510, MATCH($G12, 'Project List'!$B$11:$B$510, 0)), "")="", "", IFERROR(INDEX('Project List'!$I$11:$I$510, MATCH($G12, 'Project List'!$B$11:$B$510, 0)), ""))) -> 250 | G12: 2 | H12: 43497 | J12: 0.41666667 | K12: 230 | N12: =IF($G12="", "", IF(COUNTIF('Project List'!$B$11:$B$510, 'Time & Expenses'!$G12)=0, "X", "")) | P12: =IF('Project List'!$B12="", "", 'Project List'!$B12) -> 2
B13: =IF($G13="", "", IF(IFERROR(INDEX('Project List'!$C$11:$C$510, MATCH($G13, 'Project List'!$B$11:$B$510, 0)), "")="", "", IFERROR(INDEX('Project List'!$C$11:$C$510, MATCH($G13, 'Project List'!$B$11:$B$510, 0)), ""))) -> Project 3 | C13: =IF($G13="", "", IF(IFERROR(INDEX('Project List'!$D$11:$D$510, MATCH($G13, 'Project List'!$B$11:$B$510, 0)), "")="", "", IFERROR(INDEX('Project List'!$D$11:$D$510, MATCH($G13, 'Project List'!$B$11:$B$510, 0)), ""))) | D13: =IF($G13="", "", IF(IFERROR(INDEX('Project List'!$H$11:$H$510, MATCH($G13, 'Project List'!$B$11:$B$510, 0)), "")="", "", IFERROR(INDEX('Project List'!$H$11:$H$510, MATCH($G13, 'Project List'!$B$11:$B$510, 0)), ""))) -> 0.41666667 | E13: =IF($G13="", "", IF(IFERROR(INDEX('Project List'!$I$11:$I$510, MATCH($G13, 'Project List'!$B$11:$B$510, 0)), "")="", "", IFERROR(INDEX('Project List'!$I$11:$I$510, MATCH($G13, 'Project List'!$B$11:$B$510, 0)), ""))) -> 100 | G13: 3 | H13: 43525 | J13: 0.375 | K13: 80 | N13: =IF($G13="", "", IF(COUNTIF('Project List'!$B$11:$B$510, 'Time & Expenses'!$G13)=0, "X", "")) | P13: =IF('Project List'!$B13="", "", 'Project List'!$B13) -> 3
B14: =IF($G14="", "", IF(IFERROR(INDEX('Project List'!$C$11:$C$510, MATCH($G14, 'Project List'!$B$11:$B$510, 0)), "")="", "", IFERROR(INDEX('Project List'!$C$11:$C$510, MATCH($G14, 'Project List'!$B$11:$B$510, 0)), ""))) -> Project 4 | C14: =IF($G14="", "", IF(IFERROR(INDEX('Project List'!$D$11:$D$510, MATCH($G14, 'Project List'!$B$11:$B$510, 0)), "")="", "", IFERROR(INDEX('Project List'!$D$11:$D$510, MATCH($G14, 'Project List'!$B$11:$B$510, 0)), ""))) | D14: =IF($G14="", "", IF(IFERROR(INDEX('Project List'!$H$11:$H$510, MATCH($G14, 'Project List'!$B$11:$B$510, 0)), "")="", "", IFERROR(INDEX('Project List'!$H$11:$H$510, MATCH($G14, 'Project List'!$B$11:$B$510, 0)), ""))) -> 0.41666667 | E14: =IF($G14="", "", IF(IFERROR(INDEX('Project List'!$I$11:$I$510, MATCH($G14, 'Project List'!$B$11:$B$510, 0)), "")="", "", IFERROR(INDEX('Project List'!$I$11:$I$510, MATCH($G14, 'Project List'!$B$11:$B$510, 0)), ""))) -> 100 | G14: 4 | H14: 43556 | J14: 0.45833333 | K14: 80 | N14: =IF($G14="", "", IF(COUNTIF('Project List'!$B$11:$B$510, 'Time & Expenses'!$G14)=0, "X", "")) | P14: =IF('Project List'!$B14="", "", 'Project List'!$B14) -> 4
B15: =IF($G15="", "", IF(IFERROR(INDEX('Project List'!$C$11:$C$510, MATCH($G15, 'Project List'!$B$11:$B$510, 0)), "")="", "", IFERROR(INDEX('Project List'!$C$11:$C$510, MATCH($G15, 'Project List'!$B$11:$B$510, 0)), ""))) -> Project 5 | C15: =IF($G15="", "", IF(IFERROR(INDEX('Project List'!$D$11:$D$510, MATCH($G15, 'Project List'!$B$11:$B$510, 0)), "")="", "", IFERROR(INDEX('Project List'!$D$11:$D$510, MATCH($G15, 'Project List'!$B$11:$B$510, 0)), ""))) | D15: =IF($G15="", "", IF(IFERROR(INDEX('Project List'!$H$11:$H$510, MATCH($G15, 'Project List'!$B$11:$B$510, 0)), "")="", "", IFERROR(INDEX('Project List'!$H$11:$H$510, MATCH($G15, 'Project List'!$B$11:$B$510, 0)), ""))) -> 0.41666667 | E15: =IF($G15="", "", IF(IFERROR(INDEX('Project List'!$I$11:$I$510, MATCH($G15, 'Project List'!$B$11:$B$510, 0)), "")="", "", IFERROR(INDEX('Project List'!$I$11:$I$510, MATCH($G15, 'Project List'!$B$11:$B$510, 0)), ""))) -> 150 | G15: 5 | H15: 43586 | J15: 0.45833333 | K15: 160 | N15: =IF($G15="", "", IF(COUNTIF('Project List'!$B$11:$B$510, 'Time & Expenses'!$G15)=0, "X", "")) | P15: =IF('Project List'!$B15="", "", 'Project List'!$B15) -> 5
B16: =IF($G16="", "", IF(IFERROR(INDEX('Project List'!$C$11:$C$510, MATCH($G16, 'Project List'!$B$11:$B$510, 0)), "")="", "", IFERROR(INDEX('Project List'!$C$11:$C$510, MATCH($G16, 'Project List'!$B$11:$B$510, 0)), ""))) | C16: =IF($G16="", "", IF(IFERROR(INDEX('Project List'!$D$11:$D$510, MATCH($G16, 'Project List'!$B$11:$B$510, 0)), "")="", "", IFERROR(INDEX('Project List'!$D$11:$D$510, MATCH($G16, 'Project List'!$B$11:$B$510, 0)), ""))) | D16: =IF($G16="", "", IF(IFERROR(INDEX('Project List'!$H$11:$H$510, MATCH($G16, 'Project List'!$B$11:$B$510, 0)), "")="", "", IFERROR(INDEX('Project List'!$H$11:$H$510, MATCH($G16, 'Project List'!$B$11:$B$510, 0)), ""))) | E16: =IF($G16="", "", IF(IFERROR(INDEX('Project List'!$I$11:$I$510, MATCH($G16, 'Project List'!$B$11:$B$510, 0)), "")="", "", IFERROR(INDEX('Project List'!$I$11:$I$510, MATCH($G16, 'Project List'!$B$11:$B$510, 0)), ""))) | N16: =IF($G16="", "", IF(COUNTIF('Project List'!$B$11:$B$510, 'Time & Expenses'!$G16)=0, "X", "")) | P16: =IF('Project List'!$B16="", "", 'Project List'!$B16)
B17: =IF($G17="", "", IF(IFERROR(INDEX('Project List'!$C$11:$C$510, MATCH($G17, 'Project List'!$B$11:$B$510, 0)), "")="", "", IFERROR(INDEX('Project List'!$C$11:$C$510, MATCH($G17, 'Project List'!$B$11:$B$510, 0)), ""))) | C17: =IF($G17="", "", IF(IFERROR(INDEX('Project List'!$D$11:$D$510, MATCH($G17, 'Project List'!$B$11:$B$510, 0)), "")="", "", IFERROR(INDEX('Project List'!$D$11:$D$510, MATCH($G17, 'Project List'!$B$11:$B$510, 0)), ""))) | D17: =IF($G17="", "", IF(IFERROR(INDEX('Project List'!$H$11:$H$510, MATCH($G17, 'Project List'!$B$11:$B$510, 0)), "")="", "", IFERROR(INDEX('Project List'!$H$11:$H$510, MATCH($G17, 'Project List'!$B$11:$B$510, 0)), ""))) | E17: =IF($G17="", "", IF(IFERROR(INDEX('Project List'!$I$11:$I$510, MATCH($G17, 'Project List'!$B$11:$B$510, 0)), "")="", "", IFERROR(INDEX('Project List'!$I$11:$I$510, MATCH($G17, 'Project List'!$B$11:$B$510, 0)), ""))) | N17: =IF($G17="", "", IF(COUNTIF('Project List'!$B$11:$B$510, 'Time & Expenses'!$G17)=0, "X", "")) | P17: =IF('Project List'!$B17="", "", 'Project List'!$B17)
B18: =IF($G18="", "", IF(IFERROR(INDEX('Project List'!$C$11:$C$510, MATCH($G18, 'Project List'!$B$11:$B$510, 0)), "")="", "", IFERROR(INDEX('Project List'!$C$11:$C$510, MATCH($G18, 'Project List'!$B$11:$B$510, 0)), ""))) | C18: =IF($G18="", "", IF(IFERROR(INDEX('Project List'!$D$11:$D$510, MATCH($G18, 'Project List'!$B$11:$B$510, 0)), "")="", "", IFERROR(INDEX('Project List'!$D$11:$D$510, MATCH($G18, 'Project List'!$B$11:$B$510, 0)), ""))) | D18: =IF($G18="", "", IF(IFERROR(INDEX('Project List'!$H$11:$H$510, MATCH($G18, 'Project List'!$B$11:$B$510, 0)), "")="", "", IFERROR(INDEX('Project List'!$H$11:$H$510, MATCH($G18, 'Project List'!$B$11:$B$510, 0)), ""))) | E18: =IF($G18="", "", IF(IFERROR(INDEX('Project List'!$I$11:$I$510, MATCH($G18, 'Project List'!$B$11:$B$510, 0)), "")="", "", IFERROR(INDEX('Project List'!$I$11:$I$510, MATCH($G18, 'Project List'!$B$11:$B$510, 0)), ""))) | N18: =IF($G18="", "", IF(COUNTIF('Project List'!$B$11:$B$510, 'Time & Expenses'!$G18)=0, "X", "")) | P18: =IF('Project List'!$B18="", "", 'Project List'!$B18)
B19: =IF($G19="", "", IF(IFERROR(INDEX('Project List'!$C$11:$C$510, MATCH($G19, 'Project List'!$B$11:$B$510, 0)), "")="", "", IFERROR(INDEX('Project List'!$C$11:$C$510, MATCH($G19, 'Project List'!$B$11:$B$510, 0)), ""))) | C19: =IF($G19="", "", IF(IFERROR(INDEX('Project List'!$D$11:$D$510, MATCH($G19, 'Project List'!$B$11:$B$510, 0)), "")="", "", IFERROR(INDEX('Project List'!$D$11:$D$510, MATCH($G19, 'Project List'!$B$11:$B$510, 0)), ""))) | D19: =IF($G19="", "", IF(IFERROR(INDEX('Project List'!$H$11:$H$510, MATCH($G19, 'Project List'!$B$11:$B$510, 0)), "")="", "", IFERROR(INDEX('Project List'!$H$11:$H$510, MATCH($G19, 'Project List'!$B$11:$B$510, 0)), ""))) | E19: =IF($G19="", "", IF(IFERROR(INDEX('Project List'!$I$11:$I$510, MATCH($G19, 'Project List'!$B$11:$B$510, 0)), "")="", "", IFERROR(INDEX('Project List'!$I$11:$I$510, MATCH($G19, 'Project List'!$B$11:$B$510, 0)), ""))) | N19: =IF($G19="", "", IF(COUNTIF('Project List'!$B$11:$B$510, 'Time & Expenses'!$G19)=0, "X", "")) | P19: =IF('Project List'!$B19="", "", 'Project List'!$B19)
B20: =IF($G20="", "", IF(IFERROR(INDEX('Project List'!$C$11:$C$510, MATCH($G20, 'Project List'!$B$11:$B$510, 0)), "")="", "", IFERROR(INDEX('Project List'!$C$11:$C$510, MATCH($G20, 'Project List'!$B$11:$B$510, 0)), ""))) | C20: =IF($G20="", "", IF(IFERROR(INDEX('Project List'!$D$11:$D$510, MATCH($G20, 'Project List'!$B$11:$B$510, 0)), "")="", "", IFERROR(INDEX('Project List'!$D$11:$D$510, MATCH($G20, 'Project List'!$B$11:$B$510, 0)), ""))) | D20: =IF($G20="", "", IF(IFERROR(INDEX('Project List'!$H$11:$H$510, MATCH($G20, 'Project List'!$B$11:$B$510, 0)), "")="", "", IFERROR(INDEX('Project List'!$H$11:$H$510, MATCH($G20, 'Project List'!$B$11:$B$510, 0)), ""))) | E20: =IF($G20="", "", IF(IFERROR(INDEX('Project List'!$I$11:$I$510, MATCH($G20, 'Project List'!$B$11:$B$510, 0)), "")="", "", IFERROR(INDEX('Project List'!$I$11:$I$510, MATCH($G20, 'Project List'!$B$11:$B$510, 0)), ""))) | N20: =IF($G20="", "", IF(COUNTIF('Project List'!$B$11:$B$510, 'Time & Expenses'!$G20)=0, "X", "")) | P20: =IF('Project List'!$B20="", "", 'Project List'!$B20)
B21: =IF($G21="", "", IF(IFERROR(INDEX('Project List'!$C$11:$C$510, MATCH($G21, 'Project List'!$B$11:$B$510, 0)), "")="", "", IFERROR(INDEX('Project List'!$C$11:$C$510, MATCH($G21, 'Project List'!$B$11:$B$510, 0)), ""))) | C21: =IF($G21="", "", IF(IFERROR(INDEX('Project List'!$D$11:$D$510, MATCH($G21, 'Project List'!$B$11:$B$510, 0)), "")="", "", IFERROR(INDEX('Project List'!$D$11:$D$510, MATCH($G21, 'Project List'!$B$11:$B$510, 0)), ""))) | D21: =IF($G21="", "", IF(IFERROR(INDEX('Project List'!$H$11:$H$510, MATCH($G21, 'Project List'!$B$11:$B$510, 0)), "")="", "", IFERROR(INDEX('Project List'!$H$11:$H$510, MATCH($G21, 'Project List'!$B$11:$B$510, 0)), ""))) | E21: =IF($G21="", "", IF(IFERROR(INDEX('Project List'!$I$11:$I$510, MATCH($G21, 'Project List'!$B$11:$B$510, 0)), "")="", "", IFERROR(INDEX('Project List'!$I$11:$I$510, MATCH($G21, 'Project List'!$B$11:$B$510, 0)), ""))) | N21: =IF($G21="", "", IF(COUNTIF('Project List'!$B$11:$B$510, 'Time & Expenses'!$G21)=0, "X", "")) | P21: =IF('Project List'!$B21="", "", 'Project List'!$B21)
B22: =IF($G22="", "", IF(IFERROR(INDEX('Project List'!$C$11:$C$510, MATCH($G22, 'Project List'!$B$11:$B$510, 0)), "")="", "", IFERROR(INDEX('Project List'!$C$11:$C$510, MATCH($G22, 'Project List'!$B$11:$B$510, 0)), ""))) | C22: =IF($G22="", "", IF(IFERROR(INDEX('Project List'!$D$11:$D$510, MATCH($G22, 'Project List'!$B$11:$B$510, 0)), "")="", "", IFERROR(INDEX('Project List'!$D$11:$D$510, MATCH($G22, 'Project List'!$B$11:$B$510, 0)), ""))) | D22: =IF($G22="", "", IF(IFERROR(INDEX('Project List'!$H$11:$H$510, MATCH($G22, 'Project List'!$B$11:$B$510, 0)), "")="", "", IFERROR(INDEX('Project List'!$H$11:$H$510, MATCH($G22, 'Project List'!$B$11:$B$510, 0)), ""))) | E22: =IF($G22="", "", IF(IFERROR(INDEX('Project List'!$I$11:$I$510, MATCH($G22, 'Project List'!$B$11:$B$510, 0)), "")="", "", IFERROR(INDEX('Project List'!$I$11:$I$510, MATCH($G22, 'Project List'!$B$11:$B$510, 0)), ""))) | N22: =IF($G22="", "", IF(COUNTIF('Project List'!$B$11:$B$510, 'Time & Expenses'!$G22)=0, "X", "")) | P22: =IF('Project List'!$B22="", "", 'Project List'!$B22)
B23: =IF($G23="", "", IF(IFERROR(INDEX('Project List'!$C$11:$C$510, MATCH($G23, 'Project List'!$B$11:$B$510, 0)), "")="", "", IFERROR(INDEX('Project List'!$C$11:$C$510, MATCH($G23, 'Project List'!$B$11:$B$510, 0)), ""))) | C23: =IF($G23="", "", IF(IFERROR(INDEX('Project List'!$D$11:$D$510, MATCH($G23, 'Project List'!$B$11:$B$510, 0)), "")="", "", IFERROR(INDEX('Project List'!$D$11:$D$510, MATCH($G23, 'Project List'!$B$11:$B$510, 0)), ""))) | D23: =IF($G23="", "", IF(IFERROR(INDEX('Project List'!$H$11:$H$510, MATCH($G23, 'Project List'!$B$11:$B$510, 0)), "")="", "", IFERROR(INDEX('Project List'!$H$11:$H$510, MATCH($G23, 'Project List'!$B$11:$B$510, 0)), ""))) | E23: =IF($G23="", "", IF(IFERROR(INDEX('Project List'!$I$11:$I$510, MATCH($G23, 'Project List'!$B$11:$B$510, 0)), "")="", "", IFERROR(INDEX('Project List'!$I$11:$I$510, MATCH($G23, 'Project List'!$B$11:$B$510, 0)), ""))) | N23: =IF($G23="", "", IF(COUNTIF('Project List'!$B$11:$B$510, 'Time & Expenses'!$G23)=0, "X", "")) | P23: =IF('Project List'!$B23="", "", 'Project List'!$B23)
B24: =IF($G24="", "", IF(IFERROR(INDEX('Project List'!$C$11:$C$510, MATCH($G24, 'Project List'!$B$11:$B$510, 0)), "")="", "", IFERROR(INDEX('Project List'!$C$11:$C$510, MATCH($G24, 'Project List'!$B$11:$B$510, 0)), ""))) | C24: =IF($G24="", "", IF(IFERROR(INDEX('Project List'!$D$11:$D$510, MATCH($G24, 'Project List'!$B$11:$B$510, 0)), "")="", "", IFERROR(INDEX('Project List'!$D$11:$D$510, MATCH($G24, 'Project List'!$B$11:$B$510, 0)), ""))) | D24: =IF($G24="", "", IF(IFERROR(INDEX('Project List'!$H$11:$H$510, MATCH($G24, 'Project List'!$B$11:$B$510, 0)), "")="", "", IFERROR(INDEX('Project List'!$H$11:$H$510, MATCH($G24, 'Project List'!$B$11:$B$510, 0)), ""))) | E24: =IF($G24="", "", IF(IFERROR(INDEX('Project List'!$I$11:$I$510, MATCH($G24, 'Project List'!$B$11:$B$510, 0)), "")="", "", IFERROR(INDEX('Project List'!$I$11:$I$510, MATCH($G24, 'Project List'!$B$11:$B$510, 0)), ""))) | N24: =IF($G24="", "", IF(COUNTIF('Project List'!$B$11:$B$510, 'Time & Expenses'!$G24)=0, "X", "")) | P24: =IF('Project List'!$B24="", "", 'Project List'!$B24)
B25: =IF($G25="", "", IF(IFERROR(INDEX('Project List'!$C$11:$C$510, MATCH($G25, 'Project List'!$B$11:$B$510, 0)), "")="", "", IFERROR(INDEX('Project List'!$C$11:$C$510, MATCH($G25, 'Project List'!$B$11:$B$510, 0)), ""))) | C25: =IF($G25="", "", IF(IFERROR(INDEX('Project List'!$D$11:$D$510, MATCH($G25, 'Project List'!$B$11:$B$510, 0)), "")="", "", IFERROR(INDEX('Project List'!$D$11:$D$510, MATCH($G25, 'Project List'!$B$11:$B$510, 0)), ""))) | D25: =IF($G25="", "", IF(IFERROR(INDEX('Project List'!$H$11:$H$510, MATCH($G25, 'Project List'!$B$11:$B$510, 0)), "")="", "", IFERROR(INDEX('Project List'!$H$11:$H$510, MATCH($G25, 'Project List'!$B$11:$B$510, 0)), ""))) | E25: =IF($G25="", "", IF(IFERROR(INDEX('Project List'!$I$11:$I$510, MATCH($G25, 'Project List'!$B$11:$B$510, 0)), "")="", "", IFERROR(INDEX('Project List'!$I$11:$I$510, MATCH($G25, 'Project List'!$B$11:$B$510, 0)), ""))) | N25: =IF($G25="", "", IF(COUNTIF('Project List'!$B$11:$B$510, 'Time & Expenses'!$G25)=0, "X", "")) | P25: =IF('Project List'!$B25="", "", 'Project List'!$B25)
B26: =IF($G26="", "", IF(IFERROR(INDEX('Project List'!$C$11:$C$510, MATCH($G26, 'Project List'!$B$11:$B$510, 0)), "")="", "", IFERROR(INDEX('Project List'!$C$11:$C$510, MATCH($G26, 'Project List'!$B$11:$B$510, 0)), ""))) | C26: =IF($G26="", "", IF(IFERROR(INDEX('Project List'!$D$11:$D$510, MATCH($G26, 'Project List'!$B$11:$B$510, 0)), "")="", "", IFERROR(INDEX('Project List'!$D$11:$D$510, MATCH($G26, 'Project List'!$B$11:$B$510, 0)), ""))) | D26: =IF($G26="", "", IF(IFERROR(INDEX('Project List'!$H$11:$H$510, MATCH($G26, 'Project List'!$B$11:$B$510, 0)), "")="", "", IFERROR(INDEX('Project List'!$H$11:$H$510, MATCH($G26, 'Project List'!$B$11:$B$510, 0)), ""))) | E26: =IF($G26="", "", IF(IFERROR(INDEX('Project List'!$I$11:$I$510, MATCH($G26, 'Project List'!$B$11:$B$510, 0)), "")="", "", IFERROR(INDEX('Project List'!$I$11:$I$510, MATCH($G26, 'Project List'!$B$11:$B$510, 0)), ""))) | N26: =IF($G26="", "", IF(COUNTIF('Project List'!$B$11:$B$510, 'Time & Expenses'!$G26)=0, "X", "")) | P26: =IF('Project List'!$B26="", "", 'Project List'!$B26)
B27: =IF($G27="", "", IF(IFERROR(INDEX('Project List'!$C$11:$C$510, MATCH($G27, 'Project List'!$B$11:$B$510, 0)), "")="", "", IFERROR(INDEX('Project List'!$C$11:$C$510, MATCH($G27, 'Project List'!$B$11:$B$510, 0)), ""))) | C27: =IF($G27="", "", IF(IFERROR(INDEX('Project List'!$D$11:$D$510, MATCH($G27, 'Project List'!$B$11:$B$510, 0)), "")="", "", IFERROR(INDEX('Project List'!$D$11:$D$510, MATCH($G27, 'Project List'!$B$11:$B$510, 0)), ""))) | D27: =IF($G27="", "", IF(IFERROR(INDEX('Project List'!$H$11:$H$510, MATCH($G27, 'Project List'!$B$11:$B$510, 0)), "")="", "", IFERROR(INDEX('Project List'!$H$11:$H$510, MATCH($G27, 'Project List'!$B$11:$B$510, 0)), ""))) | E27: =IF($G27="", "", IF(IFERROR(INDEX('Project List'!$I$11:$I$510, MATCH($G27, 'Project List'!$B$11:$B$510, 0)), "")="", "", IFERROR(INDEX('Project List'!$I$11:$I$510, MATCH($G27, 'Project List'!$B$11:$B$510, 0)), ""))) | N27: =IF($G27="", "", IF(COUNTIF('Project List'!$B$11:$B$510, 'Time & Expenses'!$G27)=0, "X", "")) | P27: =IF('Project List'!$B27="", "", 'Project List'!$B27)
... B510: =IF($G510="", "", IF(IFERROR(INDEX('Project List'!$C$11:$C$510, MATCH($G510, 'Project List'!$B$11:$B$510, 0)), "")="", "", IFERROR(INDEX('Project List'!$C$11:$C$510, MATCH($G510, 'Project List'!$B$11:$B$510, 0)), ""))) | C510: =IF($G510="", "", IF(IFERROR(INDEX('Project List'!$D$11:$D$510, MATCH($G510, 'Project List'!$B$11:$B$510, 0)), "")="", "", IFERROR(INDEX('Project List'!$D$11:$D$510, MATCH($G510, 'Project List'!$B$11:$B$510, 0)), ""))) | D510: =IF($G510="", "", IF(IFERROR(INDEX('Project List'!$H$11:$H$510, MATCH($G510, 'Project List'!$B$11:$B$510, 0)), "")="", "", IFERROR(INDEX('Project List'!$H$11:$H$510, MATCH($G510, 'Project List'!$B$11:$B$510, 0)), ""))) | E510: =IF($G510="", "", IF(IFERROR(INDEX('Project List'!$I$11:$I$510, MATCH($G510, 'Project List'!$B$11:$B$510, 0)), "")="", "", IFERROR(INDEX('Project List'!$I$11:$I$510, MATCH($G510, 'Project List'!$B$11:$B$510, 0)), ""))) | N510: =IF($G510="", "", IF(COUNTIF('Project List'!$B$11:$B$510, 'Time & Expenses'!$G510)=0, "X", "")) | P510: =IF('Project List'!$B510="", "", 'Project List'!$B510)
B511: =IF($G511="", "", IF(IFERROR(INDEX('Project List'!$C$11:$C$510, MATCH($G511, 'Project List'!$B$11:$B$510, 0)), "")="", "", IFERROR(INDEX('Project List'!$C$11:$C$510, MATCH($G511, 'Project List'!$B$11:$B$510, 0)), ""))) | C511: =IF($G511="", "", IF(IFERROR(INDEX('Project List'!$D$11:$D$510, MATCH($G511, 'Project List'!$B$11:$B$510, 0)), "")="", "", IFERROR(INDEX('Project List'!$D$11:$D$510, MATCH($G511, 'Project List'!$B$11:$B$510, 0)), ""))) | D511: =IF($G511="", "", IF(IFERROR(INDEX('Project List'!$H$11:$H$510, MATCH($G511, 'Project List'!$B$11:$B$510, 0)), "")="", "", IFERROR(INDEX('Project List'!$H$11:$H$510, MATCH($G511, 'Project List'!$B$11:$B$510, 0)), ""))) | E511: =IF($G511="", "", IF(IFERROR(INDEX('Project List'!$I$11:$I$510, MATCH($G511, 'Project List'!$B$11:$B$510, 0)), "")="", "", IFERROR(INDEX('Project List'!$I$11:$I$510, MATCH($G511, 'Project List'!$B$11:$B$510, 0)), ""))) | N511: =IF($G511="", "", IF(COUNTIF('Project List'!$B$11:$B$510, 'Time & Expenses'!$G511)=0, "X", ""))
B512: =IF($G512="", "", IF(IFERROR(INDEX('Project List'!$C$11:$C$510, MATCH($G512, 'Project List'!$B$11:$B$510, 0)), "")="", "", IFERROR(INDEX('Project List'!$C$11:$C$510, MATCH($G512, 'Project List'!$B$11:$B$510, 0)), ""))) | C512: =IF($G512="", "", IF(IFERROR(INDEX('Project List'!$D$11:$D$510, MATCH($G512, 'Project List'!$B$11:$B$510, 0)), "")="", "", IFERROR(INDEX('Project List'!$D$11:$D$510, MATCH($G512, 'Project List'!$B$11:$B$510, 0)), ""))) | D512: =IF($G512="", "", IF(IFERROR(INDEX('Project List'!$H$11:$H$510, MATCH($G512, 'Project List'!$B$11:$B$510, 0)), "")="", "", IFERROR(INDEX('Project List'!$H$11:$H$510, MATCH($G512, 'Project List'!$B$11:$B$510, 0)), ""))) | E512: =IF($G512="", "", IF(IFERROR(INDEX('Project List'!$I$11:$I$510, MATCH($G512, 'Project List'!$B$11:$B$510, 0)), "")="", "", IFERROR(INDEX('Project List'!$I$11:$I$510, MATCH($G512, 'Project List'!$B$11:$B$510, 0)), ""))) | N512: =IF($G512="", "", IF(COUNTIF('Project List'!$B$11:$B$510, 'Time & Expenses'!$G512)=0, "X", ""))
B513: =IF($G513="", "", IF(IFERROR(INDEX('Project List'!$C$11:$C$510, MATCH($G513, 'Project List'!$B$11:$B$510, 0)), "")="", "", IFERROR(INDEX('Project List'!$C$11:$C$510, MATCH($G513, 'Project List'!$B$11:$B$510, 0)), ""))) | C513: =IF($G513="", "", IF(IFERROR(INDEX('Project List'!$D$11:$D$510, MATCH($G513, 'Project List'!$B$11:$B$510, 0)), "")="", "", IFERROR(INDEX('Project List'!$D$11:$D$510, MATCH($G513, 'Project List'!$B$11:$B$510, 0)), ""))) | D513: =IF($G513="", "", IF(IFERROR(INDEX('Project List'!$H$11:$H$510, MATCH($G513, 'Project List'!$B$11:$B$510, 0)), "")="", "", IFERROR(INDEX('Project List'!$H$11:$H$510, MATCH($G513, 'Project List'!$B$11:$B$510, 0)), ""))) | E513: =IF($G513="", "", IF(IFERROR(INDEX('Project List'!$I$11:$I$510, MATCH($G513, 'Project List'!$B$11:$B$510, 0)), "")="", "", IFERROR(INDEX('Project List'!$I$11:$I$510, MATCH($G513, 'Project List'!$B$11:$B$510, 0)), ""))) | N513: =IF($G513="", "", IF(COUNTIF('Project List'!$B$11:$B$510, 'Time & Expenses'!$G513)=0, "X", ""))
B514: =IF($G514="", "", IF(IFERROR(INDEX('Project List'!$C$11:$C$510, MATCH($G514, 'Project List'!$B$11:$B$510, 0)), "")="", "", IFERROR(INDEX('Project List'!$C$11:$C$510, MATCH($G514, 'Project List'!$B$11:$B$510, 0)), ""))) | C514: =IF($G514="", "", IF(IFERROR(INDEX('Project List'!$D$11:$D$510, MATCH($G514, 'Project List'!$B$11:$B$510, 0)), "")="", "", IFERROR(INDEX('Project List'!$D$11:$D$510, MATCH($G514, 'Project List'!$B$11:$B$510, 0)), ""))) | D514: =IF($G514="", "", IF(IFERROR(INDEX('Project List'!$H$11:$H$510, MATCH($G514, 'Project List'!$B$11:$B$510, 0)), "")="", "", IFERROR(INDEX('Project List'!$H$11:$H$510, MATCH($G514, 'Project List'!$B$11:$B$510, 0)), ""))) | E514: =IF($G514="", "", IF(IFERROR(INDEX('Project List'!$I$11:$I$510, MATCH($G514, 'Project List'!$B$11:$B$510, 0)), "")="", "", IFERROR(INDEX('Project List'!$I$11:$I$510, MATCH($G514, 'Project List'!$B$11:$B$510, 0)), ""))) | N514: =IF($G514="", "", IF(COUNTIF('Project List'!$B$11:$B$510, 'Time & Expenses'!$G514)=0, "X", ""))
B515: =IF($G515="", "", IF(IFERROR(INDEX('Project List'!$C$11:$C$510, MATCH($G515, 'Project List'!$B$11:$B$510, 0)), "")="", "", IFERROR(INDEX('Project List'!$C$11:$C$510, MATCH($G515, 'Project List'!$B$11:$B$510, 0)), ""))) | C515: =IF($G515="", "", IF(IFERROR(INDEX('Project List'!$D$11:$D$510, MATCH($G515, 'Project List'!$B$11:$B$510, 0)), "")="", "", IFERROR(INDEX('Project List'!$D$11:$D$510, MATCH($G515, 'Project List'!$B$11:$B$510, 0)), ""))) | D515: =IF($G515="", "", IF(IFERROR(INDEX('Project List'!$H$11:$H$510, MATCH($G515, 'Project List'!$B$11:$B$510, 0)), "")="", "", IFERROR(INDEX('Project List'!$H$11:$H$510, MATCH($G515, 'Project List'!$B$11:$B$510, 0)), ""))) | E515: =IF($G515="", "", IF(IFERROR(INDEX('Project List'!$I$11:$I$510, MATCH($G515, 'Project List'!$B$11:$B$510, 0)), "")="", "", IFERROR(INDEX('Project List'!$I$11:$I$510, MATCH($G515, 'Project List'!$B$11:$B$510, 0)), ""))) | N515: =IF($G515="", "", IF(COUNTIF('Project List'!$B$11:$B$510, 'Time & Expenses'!$G515)=0, "X", ""))
B516: =IF($G516="", "", IF(IFERROR(INDEX('Project List'!$C$11:$C$510, MATCH($G516, 'Project List'!$B$11:$B$510, 0)), "")="", "", IFERROR(INDEX('Project List'!$C$11:$C$510, MATCH($G516, 'Project List'!$B$11:$B$510, 0)), ""))) | C516: =IF($G516="", "", IF(IFERROR(INDEX('Project List'!$D$11:$D$510, MATCH($G516, 'Project List'!$B$11:$B$510, 0)), "")="", "", IFERROR(INDEX('Project List'!$D$11:$D$510, MATCH($G516, 'Project List'!$B$11:$B$510, 0)), ""))) | D516: =IF($G516="", "", IF(IFERROR(INDEX('Project List'!$H$11:$H$510, MATCH($G516, 'Project List'!$B$11:$B$510, 0)), "")="", "", IFERROR(INDEX('Project List'!$H$11:$H$510, MATCH($G516, 'Project List'!$B$11:$B$510, 0)), ""))) | E516: =IF($G516="", "", IF(IFERROR(INDEX('Project List'!$I$11:$I$510, MATCH($G516, 'Project List'!$B$11:$B$510, 0)), "")="", "", IFERROR(INDEX('Project List'!$I$11:$I$510, MATCH($G516, 'Project List'!$B$11:$B$510, 0)), ""))) | N516: =IF($G516="", "", IF(COUNTIF('Project List'!$B$11:$B$510, 'Time & Expenses'!$G516)=0, "X", ""))
B517: =IF($G517="", "", IF(IFERROR(INDEX('Project List'!$C$11:$C$510, MATCH($G517, 'Project List'!$B$11:$B$510, 0)), "")="", "", IFERROR(INDEX('Project List'!$C$11:$C$510, MATCH($G517, 'Project List'!$B$11:$B$510, 0)), ""))) | C517: =IF($G517="", "", IF(IFERROR(INDEX('Project List'!$D$11:$D$510, MATCH($G517, 'Project List'!$B$11:$B$510, 0)), "")="", "", IFERROR(INDEX('Project List'!$D$11:$D$510, MATCH($G517, 'Project List'!$B$11:$B$510, 0)), ""))) | D517: =IF($G517="", "", IF(IFERROR(INDEX('Project List'!$H$11:$H$510, MATCH($G517, 'Project List'!$B$11:$B$510, 0)), "")="", "", IFERROR(INDEX('Project List'!$H$11:$H$510, MATCH($G517, 'Project List'!$B$11:$B$510, 0)), ""))) | E517: =IF($G517="", "", IF(IFERROR(INDEX('Project List'!$I$11:$I$510, MATCH($G517, 'Project List'!$B$11:$B$510, 0)), "")="", "", IFERROR(INDEX('Project List'!$I$11:$I$510, MATCH($G517, 'Project List'!$B$11:$B$510, 0)), ""))) | N517: =IF($G517="", "", IF(COUNTIF('Project List'!$B$11:$B$510, 'Time & Expenses'!$G517)=0, "X", ""))
B518: =IF($G518="", "", IF(IFERROR(INDEX('Project List'!$C$11:$C$510, MATCH($G518, 'Project List'!$B$11:$B$510, 0)), "")="", "", IFERROR(INDEX('Project List'!$C$11:$C$510, MATCH($G518, 'Project List'!$B$11:$B$510, 0)), ""))) | C518: =IF($G518="", "", IF(IFERROR(INDEX('Project List'!$D$11:$D$510, MATCH($G518, 'Project List'!$B$11:$B$510, 0)), "")="", "", IFERROR(INDEX('Project List'!$D$11:$D$510, MATCH($G518, 'Project List'!$B$11:$B$510, 0)), ""))) | D518: =IF($G518="", "", IF(IFERROR(INDEX('Project List'!$H$11:$H$510, MATCH($G518, 'Project List'!$B$11:$B$510, 0)), "")="", "", IFERROR(INDEX('Project List'!$H$11:$H$510, MATCH($G518, 'Project List'!$B$11:$B$510, 0)), ""))) | E518: =IF($G518="", "", IF(IFERROR(INDEX('Project List'!$I$11:$I$510, MATCH($G518, 'Project List'!$B$11:$B$510, 0)), "")="", "", IFERROR(INDEX('Project List'!$I$11:$I$510, MATCH($G518, 'Project List'!$B$11:$B$510, 0)), ""))) | N518: =IF($G518="", "", IF(COUNTIF('Project List'!$B$11:$B$510, 'Time & Expenses'!$G518)=0, "X", ""))
B519: =IF($G519="", "", IF(IFERROR(INDEX('Project List'!$C$11:$C$510, MATCH($G519, 'Project List'!$B$11:$B$510, 0)), "")="", "", IFERROR(INDEX('Project List'!$C$11:$C$510, MATCH($G519, 'Project List'!$B$11:$B$510, 0)), ""))) | C519: =IF($G519="", "", IF(IFERROR(INDEX('Project List'!$D$11:$D$510, MATCH($G519, 'Project List'!$B$11:$B$510, 0)), "")="", "", IFERROR(INDEX('Project List'!$D$11:$D$510, MATCH($G519, 'Project List'!$B$11:$B$510, 0)), ""))) | D519: =IF($G519="", "", IF(IFERROR(INDEX('Project List'!$H$11:$H$510, MATCH($G519, 'Project List'!$B$11:$B$510, 0)), "")="", "", IFERROR(INDEX('Project List'!$H$11:$H$510, MATCH($G519, 'Project List'!$B$11:$B$510, 0)), ""))) | E519: =IF($G519="", "", IF(IFERROR(INDEX('Project List'!$I$11:$I$510, MATCH($G519, 'Project List'!$B$11:$B$510, 0)), "")="", "", IFERROR(INDEX('Project List'!$I$11:$I$510, MATCH($G519, 'Project List'!$B$11:$B$510, 0)), ""))) | N519: =IF($G519="", "", IF(COUNTIF('Project List'!$B$11:$B$510, 'Time & Expenses'!$G519)=0, "X", ""))
B520: =IF($G520="", "", IF(IFERROR(INDEX('Project List'!$C$11:$C$510, MATCH($G520, 'Project List'!$B$11:$B$510, 0)), "")="", "", IFERROR(INDEX('Project List'!$C$11:$C$510, MATCH($G520, 'Project List'!$B$11:$B$510, 0)), ""))) | C520: =IF($G520="", "", IF(IFERROR(INDEX('Project List'!$D$11:$D$510, MATCH($G520, 'Project List'!$B$11:$B$510, 0)), "")="", "", IFERROR(INDEX('Project List'!$D$11:$D$510, MATCH($G520, 'Project List'!$B$11:$B$510, 0)), ""))) | D520: =IF($G520="", "", IF(IFERROR(INDEX('Project List'!$H$11:$H$510, MATCH($G520, 'Project List'!$B$11:$B$510, 0)), "")="", "", IFERROR(INDEX('Project List'!$H$11:$H$510, MATCH($G520, 'Project List'!$B$11:$B$510, 0)), ""))) | E520: =IF($G520="", "", IF(IFERROR(INDEX('Project List'!$I$11:$I$510, MATCH($G520, 'Project List'!$B$11:$B$510, 0)), "")="", "", IFERROR(INDEX('Project List'!$I$11:$I$510, MATCH($G520, 'Project List'!$B$11:$B$510, 0)), ""))) | N520: =IF($G520="", "", IF(COUNTIF('Project List'!$B$11:$B$510, 'Time & Expenses'!$G520)=0, "X", ""))
B521: =IF($G521="", "", IF(IFERROR(INDEX('Project List'!$C$11:$C$510, MATCH($G521, 'Project List'!$B$11:$B$510, 0)), "")="", "", IFERROR(INDEX('Project List'!$C$11:$C$510, MATCH($G521, 'Project List'!$B$11:$B$510, 0)), ""))) | C521: =IF($G521="", "", IF(IFERROR(INDEX('Project List'!$D$11:$D$510, MATCH($G521, 'Project List'!$B$11:$B$510, 0)), "")="", "", IFERROR(INDEX('Project List'!$D$11:$D$510, MATCH($G521, 'Project List'!$B$11:$B$510, 0)), ""))) | D521: =IF($G521="", "", IF(IFERROR(INDEX('Project List'!$H$11:$H$510, MATCH($G521, 'Project List'!$B$11:$B$510, 0)), "")="", "", IFERROR(INDEX('Project List'!$H$11:$H$510, MATCH($G521, 'Project List'!$B$11:$B$510, 0)), ""))) | E521: =IF($G521="", "", IF(IFERROR(INDEX('Project List'!$I$11:$I$510, MATCH($G521, 'Project List'!$B$11:$B$510, 0)), "")="", "", IFERROR(INDEX('Project List'!$I$11:$I$510, MATCH($G521, 'Project List'!$B$11:$B$510, 0)), ""))) | N521: =IF($G521="", "", IF(COUNTIF('Project List'!$B$11:$B$510, 'Time & Expenses'!$G521)=0, "X", ""))
B522: =IF($G522="", "", IF(IFERROR(INDEX('Project List'!$C$11:$C$510, MATCH($G522, 'Project List'!$B$11:$B$510, 0)), "")="", "", IFERROR(INDEX('Project List'!$C$11:$C$510, MATCH($G522, 'Project List'!$B$11:$B$510, 0)), ""))) | C522: =IF($G522="", "", IF(IFERROR(INDEX('Project List'!$D$11:$D$510, MATCH($G522, 'Project List'!$B$11:$B$510, 0)), "")="", "", IFERROR(INDEX('Project List'!$D$11:$D$510, MATCH($G522, 'Project List'!$B$11:$B$510, 0)), ""))) | D522: =IF($G522="", "", IF(IFERROR(INDEX('Project List'!$H$11:$H$510, MATCH($G522, 'Project List'!$B$11:$B$510, 0)), "")="", "", IFERROR(INDEX('Project List'!$H$11:$H$510, MATCH($G522, 'Project List'!$B$11:$B$510, 0)), ""))) | E522: =IF($G522="", "", IF(IFERROR(INDEX('Project List'!$I$11:$I$510, MATCH($G522, 'Project List'!$B$11:$B$510, 0)), "")="", "", IFERROR(INDEX('Project List'!$I$11:$I$510, MATCH($G522, 'Project List'!$B$11:$B$510, 0)), ""))) | N522: =IF($G522="", "", IF(COUNTIF('Project List'!$B$11:$B$510, 'Time & Expenses'!$G522)=0, "X", ""))
... B8010: =IF($G8010="", "", IF(IFERROR(INDEX('Project List'!$C$11:$C$510, MATCH($G8010, 'Project List'!$B$11:$B$510, 0)), "")="", "", IFERROR(INDEX('Project List'!$C$11:$C$510, MATCH($G8010, 'Project List'!$B$11:$B$510, 0)), ""))) | C8010: =IF($G8010="", "", IF(IFERROR(INDEX('Project List'!$D$11:$D$510, MATCH($G8010, 'Project List'!$B$11:$B$510, 0)), "")="", "", IFERROR(INDEX('Project List'!$D$11:$D$510, MATCH($G8010, 'Project List'!$B$11:$B$510, 0)), ""))) | D8010: =IF($G8010="", "", IF(IFERROR(INDEX('Project List'!$H$11:$H$510, MATCH($G8010, 'Project List'!$B$11:$B$510, 0)), "")="", "", IFERROR(INDEX('Project List'!$H$11:$H$510, MATCH($G8010, 'Project List'!$B$11:$B$510, 0)), ""))) | E8010: =IF($G8010="", "", IF(IFERROR(INDEX('Project List'!$I$11:$I$510, MATCH($G8010, 'Project List'!$B$11:$B$510, 0)), "")="", "", IFERROR(INDEX('Project List'!$I$11:$I$510, MATCH($G8010, 'Project List'!$B$11:$B$510, 0)), ""))) | N8010: =IF($G8010="", "", IF(COUNTIF('Project List'!$B$11:$B$510, 'Time & Expenses'!$G8010)=0, "X", ""))

Sheet Report
B2: =_xlfn.CONCAT("Projects Report for ", 'Intro & Setup'!$H$16) -> Projects Report for Your Business
BA3: =MIN('Project List'!$E$11:$E$510) -> 43466
BA4: =MAX('Project List'!$E$11:$E$510) -> 43586
B5: =_xlfn.CONCAT("For projects started between ", TEXT($BA$3, "dd mmmm yyyy"), " and ", TEXT($BA$4, "dd mmmm yyyy")) -> For projects started between 01 January 2019 and 01 May 2019
B7: Total Figures
Z8: Inc. Fees
B9: Total Quoted Value: | K9: =SUM('Project List'!$G$11:$G$510) -> 2600 | Q9: Total Cost Value: | Z9: =SUM('Project List'!$T$11:$T$510) -> 2372 | AF9: Total Difference: | AO9: =SUM('Project List'!$U$11:$U$510) -> 228
B11: Total Budgeted Time: | K11: =SUM('Project List'!$H$11:$H$510) -> 2.1666667 | Q11: Total Time Worked: | Z11: =SUM('Project List'!$P$11:$P$510) -> 2.0833333
B13: Total Budgeted Expenses: | K13: =SUM('Project List'!$I$11:$I$510) -> 800 | Q13: Total Expenses: | Z13: =SUM('Project List'!$Q$11:$Q$510) -> 830 | AF13: Total Fees: | AO13: =SUM('Project List'!$X$11:$X$510) -> 42
BB15: Actual | BC15: Budget
B16: Overall Breakdown of Expenses v Project Quoted Value | BA16: Money for Time Worked | BB16: =$Z$11*'Intro & Setup'!$Y$23*24 -> 1500 | BC16: 0
BA17: Expenses | BB17: =$Z$13 -> 830 | BC17: 0
BA18: Fees | BB18: =$AO$13 -> 42 | BC18: 0
BA19: Quoted | BB19: 0 | BC19: =$K$9 -> 2600
BA20: ="'Profit' Made" -> 'Profit' Made | BB20: =IF($BB$23=$BC$19, 0, IF($BB$23<$BC$19, $BC$19-$BB$23, "")) -> 228 | BC20: 0
BA21: ="'Loss' Made" -> 'Loss' Made | BB21: 0 | BC21: =IF($BB$23=$BC$19, 0, IF($BB$23>$BC$19, $BB$23-$BC$19, ""))
BB23: =SUM($BB$16:$BB$18) -> 2372
BB25: Actual | BC25: Budget
BA26: Money for Time Worked | BB26: =$Z$39*'Intro & Setup'!$Y$23*24 -> 300 | BC26: 0
BA27: Expenses | BB27: =$Z$41 -> 166 | BC27: 0
BA28: Fees | BB28: =$AO$41 -> 0.084 | BC28: 0
BA29: Quoted | BB29: 0 | BC29: =$K$37 -> 520
BA30: ="'Profit' Made" -> 'Profit' Made | BB30: =IF($BB$33=$BC$29, 0, IF($BB$33<$BC$29, $BC$29-$BB$33, "")) -> 53.916 | BC30: 0
BA31: ="'Loss' Made" -> 'Loss' Made | BB31: 0 | BC31: =IF($BB$33=$BC$29, 0, IF($BB$33>$BC$29, $BB$33-$BC$29, ""))
BB33: =SUM($BB$26:$BB$28) -> 466.084
B35: Average Figures
Z36: Inc. Fees
B37: Average Quoted Value: | K37: =IFERROR(AVERAGE('Project List'!$G$11:$G$510), "") -> 520 | Q37: Average Cost Value: | Z37: =IFERROR(AVERAGE('Project List'!$T$11:$T$510), "") -> 474.4 | AF37: Average Difference: | AO37: =IFERROR(AVERAGE('Project List'!$U$11:$U$510), "") -> 45.6
B39: Average Budgeted Time: | K39: =IFERROR(AVERAGE('Project List'!$H$11:$H$510), "") -> 0.43333333 | Q39: Average Time Worked: | Z39: =IFERROR(AVERAGE('Project List'!$P$11:$P$510), "") -> 0.41666667 | AF39: Average Hourly Rate: | AO39: =IFERROR(AVERAGE('Project List'!$R$11:$R$510), "") -> 34.218586
B41: Average Budgeted Expenses: | K41: =IFERROR(AVERAGE('Project List'!$I$11:$I$510), "") -> 160 | Q41: Average Expenses: | Z41: =IFERROR(AVERAGE('Project List'!$Q$11:$Q$510), "") -> 166 | AF41: Average Fees: | AO41: =IFERROR(AVERAGE('Project List'!$X$11:$X$510), "") -> 0.084
B44: Project Count - Breakdown per Criteria
B45: Based on completed jobs only (completed and invoice received). Any exact matches counted as a positive result.
BA46: ='Project List'!$AS$7 -> Paid on Time | BB46: =COUNTIF('Project List'!$AS$11:$AS$510, $BA46) -> 1
BA47: ='Project List'!$AS$8 -> Paid Late | BB47: =COUNTIF('Project List'!$AS$11:$AS$510, $BA47) -> 0
BA49: ='Project List'!$AT$7 -> Positive Difference | BB49: =COUNTIF('Project List'!$AT$11:$AT$510, $BA49) -> 0
BA50: ='Project List'!$AT$8 -> Negative Difference | BB50: =COUNTIF('Project List'!$AT$11:$AT$510, $BA50) -> 1
BA52: ='Project List'!$AU$7 -> Within Time | BB52: =COUNTIF('Project List'!$AU$11:$AU$510, $BA52) -> 1
BA53: ='Project List'!$AU$8 -> Out of Time | BB53: =COUNTIF('Project List'!$AU$11:$AU$510, $BA53) -> 0
BA55: ='Project List'!$AV$7 -> Within Budget | BB55: =COUNTIF('Project List'!$AV$11:$AV$510, $BA55) -> 1
BA56: ='Project List'!$AV$8 -> Out of Budget | BB56: =COUNTIF('Project List'!$AV$11:$AV$510, $BA56) -> 0
